 Dungeon Crawl Stone Soup version 0.30-a0-618-gd6c86c23d0 (webtiles) character file.

Game seed: 10574539120251782909

1642542 MackTheKnife the Devastator (level 27, 288/288 HPs)
             Began as a Black Draconian Venom Mage on Jan 9, 2023.
             Was the Champion of Vehumet.
             Escaped with the Orb
             ... and 3 runes!
             The game lasted 03:37:57 (76126 turns).

MackTheKnife the Devastator (DrVM)                 Turns: 76126, Time: 03:37:57

Health: 288/288    AC: 25    Str: 16    XL:     27
Magic:  44/44      EV: 23    Int: 26    God:    Vehumet [******]
Gold:   3664       SH: 20    Dex: 22    Spells: 7/61 levels left

rFire   + . .      SeeInvis .    a - +10 war axe of Okawaru's Envy {drain, rF+ Str+4, axe}
rCold   + . .      Faith    .    p - +5 kite shield {rPois}
rNeg    + . .      Spirit   .    (body armour unavailable)
rPois   +          Reflect  .    J - +2 hat {Will+}
rElec   +          Harm     .    M - +2 cloak {rCorr}
rCorr   +          Rampage  .    C - +2 pair of gloves
Will    +++..                    k - +3 pair of mountain boots {steadfast, rC+}
Stlth   ++                       N - amulet of magic regeneration {@e2}
HPRegen 0.68/turn                u - +6 ring of intelligence
MPRegen 0.69/turn                F - ring of positive energy

@: flying, studying Short Blades
A: breathe lightning, AC +13, unfitting armour, big wings, electricity
resistance, cold-blooded, agile 1, robust 2
0: Orb of Zot
}: 3/15 runes: decaying, serpentine, silver
a: Breathe Lightning, Renounce Religion


You escaped.
You worshipped Vehumet.
Vehumet was exalted by your worship.
You visited 11 branches of the dungeon, and saw 51 of its levels.
You visited 1 ziggurat, and saw 7 of its levels.
You also visited: Sewer and Volcano.

You collected 7868 gold pieces.
You spent 4204 gold pieces at shops.


Innate Abilities, Weirdness & Mutations

You can breathe wild blasts of lightning.
Your glossy black scales are hard. (AC +13)
You cannot fit into any form of body armour.
Your large and strong wings let you fly.
You are resistant to electric shocks. (rElec)
You are cold-blooded and may be slowed by cold attacks.
You are agile. (Dex +4, Str/Int -1)
You are very robust. (+20% HP)


   Skills:
 - Level 18.4 Fighting
 - Level 13.5 Axes
 - Level 15.0 Dodging
 - Level 6.1 Stealth
 - Level 15.1 Shields
 - Level 17.5 Spellcasting
 + Level 20.4 Conjurations
 - Level 4.0 Hexes
 - Level 14.5 Summonings
 - Level 14.8 Necromancy
 - Level 6.8 Transmutations
 - Level 3.9 Air Magic
 - Level 12.9 Earth Magic
 - Level 7.0 Poison Magic
 - Level 8.0 Evocations


You had 7 spell levels left.
You knew the following spells:

 Your Spells              Type           Power      Damage    Failure   Level
a - Spellforged Servitor  Conj/Summ      42%        N/A       1%          7
b - Death Channel         Necr           39%        N/A       1%          6
c - Lehudib's Crystal Sp  Conj/Erth      41%        10d10     7%          8
d - Freezing Cloud        Conj/Ice/Air   30%        6-21      1%          5
f - Lee's Rapid Deconstr  Erth           37%        3d18*     1%          5
g - Iron Shot             Conj/Erth      41%        9d8       1%          6
h - Irradiate             Conj/Tmut      38%        3d24      1%          5
i - Yara's Violent Unrav  Hex/Tmut       25%        3d11      3%          5
j - Haunt                 Necr/Summ      39%        N/A       8%          7

Your spell library contained the following spells:

 Spells                   Type           Power      Damage    Failure   Level
 Shatter                  Erth           37%        3d29*     98%         9
 Chain Lightning          Conj/Air       36%        3d48      99%         9
 Fire Storm               Conj/Fire      33%        8d8       100%        9
 Magic Dart               Conj           100%       1d8       0%          1
 Necrotise                Necr           100%       1d9       0%          1
 Call Imp                 Summ           78%        N/A       0%          2
 Searing Ray              Conj           100%       2d8       0%          2
 Sublimation of Blood     Necr           79%        N/A       0%          2
 Stone Arrow              Conj/Erth      100%       3d13      0%          3
 Iskenderun's Battlesphe  Conj           92%        2d14      0%          5
 Beastly Appendage        Tmut           100%       N/A       1%          1
 Freeze                   Ice            88%        1d9       1%          1
 Slow                     Hex            100%       N/A       1%          1
 Sting                    Tmut/Pois      100%       1d8       1%          1
 Cigotuvi's Dreadful Rot  Necr/Pois/Air  100%       N/A       1%          2
 Momentum Strike          Conj/Tloc      100%       3d10      1%          2
 Passwall                 Tmut/Erth      54%        N/A       1%          2
 Poisonous Vapours        Pois/Air       100%       N/A       1%          2
 Static Discharge         Conj/Air       100%       2-7/arc   1%          2
 Wereblood                Tmut           55%        N/A       1%          2
 Call Canine Familiar     Summ           78%        N/A       1%          3
 Hailstorm                Conj/Ice       66%        3d14      1%          3
 Inner Flame              Hex/Fire       33%        N/A       1%          3
 Kindle Blastsparks       Fire/Tloc/Air  58%        2d14      1%          3
 Mephitic Cloud           Conj/Pois/Air  67%        N/A       1%          3
 Spider Form              Tmut/Pois      56%        N/A       1%          3
 Summon Guardian Golem    Hex/Summ       63%        N/A       1%          3
 Vampiric Draining        Necr           79%        2d11      1%          3
 Anguish                  Hex/Necr       32%        N/A       1%          4
 Animate Dead             Necr           79%        N/A       1%          4
 Flame Wave               Conj/Fire      66%        2d15      1%          4
 Fulminant Prism          Conj/Hex       36%        3d17      1%          4
 Iskenderun's Mystic Bla  Conj/Tloc      66%        2d14      1%          4
 Leda's Liquefaction      Hex/Erth       30%        N/A       1%          4
 Olgreb's Toxic Radiance  Pois           56%        N/A       1%          4
 Summon Ice Beast         Ice/Summ       57%        N/A       1%          4
 Agony                    Necr           79%        N/A       1%          5
 Arcjolt                  Conj/Air       36%        1d46      1%          5
 Borgnjor's Vile Clutch   Necr/Erth      38%        N/A       1%          5
 Lightning Bolt           Conj/Air       36%        1d54      1%          5
 Summon Cactus Giant      Summ           39%        N/A       1%          6
 Orb of Destruction       Conj           46%        9d12      1%          7
 Ensorcelled Hibernation  Hex/Ice        66%        N/A       2%          2
 Confusing Touch          Hex            43%        N/A       2%          3
 Swiftness                Air            43%        N/A       2%          3
 Tukima's Dance           Hex            43%        N/A       2%          3
 Summon Mana Viper        Hex/Summ       63%        N/A       2%          5
 Apportation              Tloc           44%        N/A       3%          1
 Frozen Ramparts          Ice            44%        1d7       3%          3
 Portal Projectile        Hex/Tloc       66%        N/A       4%          3
 Vhi's Electric Charge    Tloc/Air       64%        N/A       4%          3
 Blink                    Tloc           44%        N/A       5%          2
 Summon Forest            Summ/Tloc      28%        N/A       5%          5
 Alistair's Intoxication  Tmut/Pois      37%        N/A       6%          5
 Blade Hands              Tmut           27%        N/A       6%          5
 Cause Fear               Hex            21%        N/A       7%          4
 Ice Form                 Ice/Tmut       40%        N/A       9%          4
 Eringya's Noxious Bog    Tmut/Pois      28%        N/A       9%          6
 Summon Hydra             Summ           39%        N/A       9%          7
 Statue Form              Tmut/Erth      43%        N/A       10%         6
 Lesser Beckoning         Tloc           44%        N/A       11%         3
 Ozocubu's Armour         Ice            22%        N/A       11%         3
 Simulacrum               Ice/Necr       28%        N/A       26%         6
 Manifold Assault         Tloc           22%        N/A       36%         4
 Metabolic Englaciation   Hex/Ice        16%        N/A       41%         5
 Malign Gateway           Summ/Tloc      28%        N/A       85%         7
 Dragon Form              Tmut           27%        N/A       88%         7
 Dispersal                Tloc           11%        N/A       99%         6
 Enfeeble                 Hex            21%        N/A       99%         7
 Infestation              Necr           39%        N/A       47%         8
 Discord                  Hex            21%        N/A       100%        8
 Maxwell's Capacitive Co  Air            21%        ∞         100%        8
 Dragon's Call            Summ           39%        N/A       100%        9
 Animate Armour           Summ/Erth      Unusable   N/A       N/A         4

Inventory:

Hand Weapons
 a - the +10 war axe of Okawaru's Envy (weapon) {drain, rF+ Str+4, axe}
   (You found it on level 14 of the Dungeon)

   Str:       It affects your strength (+4).
   rF:        It protects you from fire.
 s - the +8 short sword of Oneocw {drain, rElec rPois Will+++ rCorr, short}
   (You found it on level 4 of a ziggurat)

   rElec:     It insulates you from electricity.
   rPois:     It protects you from poison.
   rCorr:     It protects you from acid and corrosion.
   Will:      It greatly increases your willpower.
Armour
 k - the +3 pair of mountain boots (worn) {steadfast, rC+}
   (You found it on level 7 of a ziggurat)

   It prevents involuntary movement, except for blinking, teleportation, or
   banishment.
   rC:        It protects you from cold.
 p - a +5 kite shield of poison resistance (worn)
   (You took it off a naga warrior on level 4 of the Snake Pit)
 C - a +2 pair of gloves (worn)
   (You found it on level 1 of the Snake Pit)
 J - a +2 hat of willpower (worn)
   (You took it off Gastronok on level 8 of the Dungeon)
 M - a +2 cloak of preservation (worn)
   (You took it off Nikola on level 1 of the Depths)
 P - the +0 buckler of Piyjina {Int+9}
   (You acquired it on level 5 of a ziggurat)

   Int:       It affects your intelligence (+9).
Jewellery
 d - a +4 ring of protection
   (You took it off a kobold on level 3 of the Dungeon)
 j - a ring of see invisible
   (You found it on level 2 of the Realm of Zot)
 u - a +6 ring of intelligence (left hand)
   (You bought it in a shop on level 1 of the Snake Pit)
 w - a ring of protection from fire
   (You took it off an orc on level 13 of the Dungeon)
 F - a ring of positive energy (right hand)
   (You took it off a vault sentinel on level 5 of the Vaults)
 N - an amulet of magic regeneration (around neck) {@e2}
   (You found it on level 8 of the Dungeon)
 U - a ring of protection from cold
   (You took it off an ironbound convoker on level 5 of the Vaults)
Wands
 v - a wand of acid (11)
   (You found it on level 3 of the Dungeon)
 E - a wand of digging (15)
   (You found it on level 6 of the Dungeon)
 K - a wand of iceblast (28)
   (You found it on level 10 of the Dungeon)
 Q - a wand of mindburst (22)
   (You found it on level 2 of the Snake Pit)
Scrolls
 b - 2 scrolls of amnesia
 g - 2 scrolls of brand weapon
 h - 12 scrolls of teleportation {@r4}
 i - 10 scrolls of immolation {!r!r}
 n - 5 scrolls of magic mapping {!r}
 q - a scroll of blinking {!r}
 r - 2 scrolls of enchant armour
 t - 4 scrolls of fear
 x - 10 scrolls of enchant weapon
 y - 9 scrolls of fog
 B - 5 scrolls of butterflies
 R - 5 scrolls of silence {!r}
 V - 12 scrolls of identify {@r1}
 Z - 8 scrolls of poison {!r}
Potions
 c - 3 potions of mutation {!q}
 e - 11 potions of heal wounds {@q2}
 f - 11 potions of cancellation
 o - 6 potions of haste {@q3}
 z - 14 potions of curing {@q1}
 A - 3 potions of attraction {!q}
 D - 2 potions of magic
 H - 10 potions of flight
 L - 11 potions of might
 O - 8 potions of brilliance
Miscellaneous
 l - a box of beasts
   (You found it on level 15 of the Dungeon)
 m - a tin of tremorstones (2/2) {throwing}
   (You found it on level 15 of the Dungeon)
 S - a phantom mirror (inert)
   (You found it on level 1 of the Lair of Beasts)
 X - a phial of floods
   (You found it on level 13 of the Dungeon)
 Y - a lightning rod (4/4)
   (You found it on level 5 of the Vaults)

Dungeon Overview and Level Annotations

Branches:
Dungeon (15/15)            Temple (1/1) D:5            Lair (5/5) D:11
  Swamp (4/4) Lair:3        Snake (4/4) Lair:2        Slime (0/5) Lair:5
    Orc (2/2) D:10            Elf (3/3) Orc:2        Vaults (5/5) D:14
  Crypt (3/3) Vaults:2       Tomb (0/3) Crypt:3      Depths (4/4) D:15
    Zot (5/5) Depths:4      Sewer (visited)         Volcano (visited)

Altars:
Ashenzari
Cheibriados
Dithmenos
Elyvilon
Fedhas
Gozag
Hepliaklqana
Kikubaaqudgha
Makhleb
Nemelex Xobeh
Okawaru
Qazlal
Ru
Sif Muna
Trog
Uskayaw
Vehumet
Wu Jian
Xom
Yredelemnul
Zin
The Shining One
Jiyva

Shops:
D:14 [   Orc:2 =[:?   Elf:1 *(::!   Elf:2 !(((!   Snake:1 =:=   Snake:3 **!
Vaults:1 **(   Vaults:4 [   Vaults:5 (   Depths:3 (

Portals:
Hell: Depths:1 Depths:2 Depths:3 Depths:4
Abyss: Depths:2 Depths:3
Pandemonium: Depths:2

Annotations:
D:11 3 runed translucent doors, Ezukleytt's ghost, journeyman SpHu
D:15 2 transporters, Koud Lun's ghost, adept DjCj
Swamp:2 Louise
Swamp:4 1 runed translucent door, suomimenusko's ghost, adept NaFi
Elf:2 3 runed translucent doors
Vaults:2 Zenata
Vaults:3 2 transporters, exclusion: 2 orange crystal statues, Ciotsan's ghost, adept FeIE; Fubrub's ghost, veteran GnWr; Vivivvi's ghost, veteran DjCj
Depths:1 4 transporters

#.#.#.#.#.#########.#.....#
#.#.#.#.......##....#.....#
#.#.#.#.########.####.....#
#.#.#.#..........# ##....#
#.#.#.#.########## #....#
#.#.#.#.......# #...###
#...#.#.#####.# ###...#
#####.#.#...#.# ###)#
#.....#.#.#@#.# #..
#.#####.#.###.# ##.
#.......#.....# #.
#######.############ ##
#............# #
##.#.#.#####.# # ###
#.#.#.# #.# # #.# #.#.#.#
#.# #
#.#########.#.#.#####.# #


There were no monsters in sight!


Message History

Unknown command.
You fly upwards.
There is a stone staircase leading down here. 😎 MP[+1]
Your mp is fully restored (44).
(D) Dungeon (T) Temple (L) Lair (S) Swamp (P) Snake Pit (M) Slime Pits (O) Orcish Mines (E) Elven Halls (V) Vaults (C) Crypt (W) Tomb (U) Depths (H) Hell (Z) Zot
Where to? (Enter - D:1, ? - help)
What level of the Dungeon? (default 1, ? - help)
A glowing orange brain comes into view.
You slice the glowing orange brain!! You hit the glowing orange brain.
You drain the glowing orange brain. You tail-slap the glowing orange brain.
You hit the glowing orange brain. You drain the glowing orange brain.
You tail-slap the glowing orange brain.
You barely miss the glowing orange brain.
Your tail-slap misses the glowing orange brain.
The glowing orange brain pulsates.
You resist with almost no effort.
Casting: Lehudib's Crystal Spear (dangerous; 7% risk of failure)
Confirm with . or Enter, or press ? or * to list all spells.
Okay, then.
Unknown command.
You hit the glowing orange brain. You slice the glowing orange brain!!
You kill the glowing orange brain!
Vehumet accepts your kill.
No target in view!
A ynoxinul comes into view.
There is an escape hatch in the ceiling here.
A mysterious force pulls you upwards. The hatch slams shut behind you.
(D) Dungeon (T) Temple (L) Lair (S) Swamp (P) Snake Pit (M) Slime Pits (O) Orcish Mines (E) Elven Halls (V) Vaults (C) Crypt (W) Tomb (U) Depths (H) Hell (Z) Zot
Where to? (Enter - D:1, ? - help)
What level of the Dungeon? (default 1, ? - help)
There is a stone staircase leading up here.
You fly upwards.
There is a stone staircase leading down here.
A glowing orange brain comes into view.
You slash the glowing orange brain! You tail-slap the glowing orange brain.
The iron shot hits the glowing orange brain!!!
You kill the glowing orange brain!
Vehumet accepts your kill.
You feel your power returning. 😎 MP[-3]
You lost 3 mp, and now have 41/44 mp.
(D) Dungeon (T) Temple (L) Lair (S) Swamp (P) Snake Pit (M) Slime Pits (O) Orcish Mines (E) Elven Halls (V) Vaults (C) Crypt (W) Tomb (U) Depths (H) Hell (Z) Zot
Where to? (Enter - D:1, ? - help)
There is a stone staircase leading up, spattered with blood here.
You fly upwards.
There is a stone staircase leading down here.
A green death comes into view.
The green death roars! 😎 MP[+3]
Your mp is fully restored (44).
Casting: Iron Shot (mildly dangerous; 1% risk of failure)
Confirm with . or Enter, or press ? or * to list all spells.
Aiming: Lehudib's Crystal Spear (dangerous; 7% risk of failure)
Press: ? - help, Shift-Dir - straight line, f - green death
Aim: a green death (88% to hit)
The crystal spear hits the green death!!!
You kill the green death!
Vehumet accepts your kill. 😎 MP[-8]
You lost 8 mp, and now have 36/44 mp. 😎 MP[+1] 😎 MP[+1] 😎 MP[+1] 😎 MP[+1]
There is a stone staircase leading up here.
You fly upwards.
There is a stone staircase leading down here.
You start resting. 😎 MP[+4]
Your mp is fully restored (44).
You can't go up here!
Unknown command.
(D) Dungeon (T) Temple (L) Lair (S) Swamp (P) Snake Pit (M) Slime Pits (O) Orcish Mines (E) Elven Halls (V) Vaults (C) Crypt (W) Tomb (U) Depths (H) Hell (Z) Zot
Where to? (Enter - D:1, ? - help)
What level of the Dungeon? (default 1, ? - help)
There is a stone staircase leading up here.
You fly upwards.
There is a stone staircase leading down here.
There is a stone staircase leading down here.
You see here a jackal skeleton.
There is a stone staircase leading up here.
You fly upwards.
There is a stone staircase leading down here.
There is a staircase leading out of the dungeon here.
You have escaped!

Skill      XL: |  1  2  3  4  5  6  7  8  9 10 11 12 13 14 15 16 17 18 19 20 21 22 23 24 25 26 27 |
---------------+----------------------------------------------------------------------------------+-----
Summonings     | 1 2 8 9 12 14 | 14.5
Spellcasting   | 3 4 9 11 13 14 15 16 17 | 17.5
Conjurations   | 1 3 6 10 13 14 16 17 20 | 20.4
Poison Magic   | 4 5 6 7 |  7.0
Air Magic      | 3 |  3.9
Fighting       | 9 10 14 16 18 | 18.4
Dodging        | 3 5 6 10 14 15 | 15.0
Stealth        | 4 6 |  6.1
Hexes          | 3 4 |  4.0
Earth Magic    | 6 8 10 11 12 | 12.9
Shields        | 6 13 15 | 15.1
Transmutations | 6 |  6.8
Evocations     | 4 8 |  8.0
Axes           | 11 12 13 | 13.5
Necromancy     | 10 11 12 14 | 14.8

Action                   |  1- 3 |  4- 6 |  7- 9 | 10-12 | 13-15 | 16-18 | 19-21 | 22-24 | 25-27 || total
-------------------------+-------+-------+-------+-------+-------+-------+-------+-------+-------++-------
Melee: Spear             |    33 |    36 |       |       |       |       |       |       |       ||    69
       Punch             |     1 |     1 |     5 |     5 |     5 |       |       |       |       ||    17
       Tailslap          |     1 |     7 |    20 |    60 |    73 |    11 |    26 |    92 |    46 ||   336
       Trident           |       |    21 |       |       |       |       |       |       |       ||    21
       Short sword       |       |    12 |   101 |   295 |   353 |       |       |       |       ||   761
       Dagger            |       |     2 |       |       |       |       |       |       |       ||     2
       Demon whip        |       |       |       |     1 |       |       |       |       |       ||     1
       War axe           |       |       |       |       |     5 |    61 |   118 |   368 |   207 ||   759
Throw: Dart              |     9 |     6 |       |     1 |       |       |       |       |       ||    16
 Cast: Sting             |    68 |    78 |    94 |     6 |       |       |       |       |       ||   246
       Call Imp          |     7 |    26 |    22 |    14 |     1 |       |       |       |       ||    70
       Mephitic Cloud    |       |     8 |    18 |    15 |     2 |       |       |       |       ||    43
       Olgreb's Toxic Ra |       |       |    11 |    68 |    24 |       |       |       |       ||   103
       Searing Ray       |       |       |       |    33 |       |       |       |       |       ||    33
       Fulminant Prism   |       |       |       |    62 |     6 |       |       |       |       ||    68
       Iron Shot         |       |       |       |     7 |   271 |   237 |   334 |   453 |   220 ||  1522
       Irradiate         |       |       |       |       |    17 |    29 |    21 |    28 |    11 ||   106
       Spellforged Servi |       |       |       |       |    35 |    82 |    61 |    98 |    65 ||   341
       Freezing Cloud    |       |       |       |       |    35 |    61 |    42 |    33 |    14 ||   185
       Lee's Rapid Decon |       |       |       |       |       |       |    22 |   141 |     8 ||   171
       Eringya's Noxious |       |       |       |       |       |       |     7 |    14 |     1 ||    22
       Death Channel     |       |       |       |       |       |       |       |    18 |    10 ||    28
       Yara's Violent Un |       |       |       |       |       |       |       |     1 |       ||     1
       Haunt             |       |       |       |       |       |       |       |     1 |    47 ||    48
       Summon Cactus Gia |       |       |       |       |       |       |       |       |     2 ||     2
       Lehudib's Crystal |       |       |       |       |       |       |       |       |    38 ||    38
 Abil: Breathe Lightning |       |       |       |       |     1 |     2 |       |       |       ||     3
Evoke: Wand              |       |       |     2 |    27 |     4 |     2 |     3 |     6 |     4 ||    48
       Phantom mirror    |       |       |       |     1 |     4 |       |       |       |     3 ||     8
       Box of beasts     |       |       |       |       |       |     1 |     2 |     2 |     2 ||     7
       Tin of tremorston |       |       |       |       |       |     2 |     2 |       |       ||     4
       Phial of floods   |       |       |       |       |       |       |       |     1 |       ||     1
  Use: Scroll            |       |     7 |     2 |    21 |     9 |     2 |    13 |    17 |    24 ||    95
       Potion            |       |     2 |     2 |     6 |     3 |       |     1 |     6 |    57 ||    77
 Stab: Sleeping          |     1 |     2 |       |     1 |     2 |       |       |       |       ||     6
       Distracted        |       |     1 |     2 |     2 |    11 |       |     5 |    10 |     2 ||    33
       Confused          |       |     4 |     1 |     3 |       |       |       |       |       ||     8
       Invisible         |       |       |       |       |       |       |       |       |     5 ||     5
       Petrifying        |       |       |       |       |       |       |       |       |     1 ||     1
       Paralysed         |       |       |       |       |       |       |       |       |     1 ||     1
Armor: Skin              |    17 |    36 |    67 |   264 |   343 |   182 |    94 |   182 |   116 ||  1301
Dodge: Dodged            |    33 |    55 |    91 |   241 |   303 |   218 |   166 |   286 |   274 ||  1667
Block: Buckler           |       |       |       |       |     5 |   100 |    84 |       |       ||   189
       Kite shield       |       |       |       |       |       |       |    23 |   435 |   324 ||   782

Levels and vault maps discovered:
D:1:      matt_arrival_spirals, layout_basic, minivault_23
D:2:      layout_loops_ring, shapermc_ecumenical_altar_gd
D:3:      minmay_spotlight, layout_loops_corners, mainiacjoe_overflow_24_doors,
          lemuel_crystal_altar, mainiacjoe_overflow_tiny_flanked,
          cheibrodos_sewer_entry_sluice, fountainhead
D:4:      layout_basic, mainiacjoe_overflow_large_starburst
D:5:      layout_rooms, minmay_temple_entry_butterflies,
          minmay_fractal_squares_diagonal_5
D:6:      layout_loops_cross, palyth_stone_intersect
D:7:      layout_basic, enter_ossuary_2, serial_aquarium, aquarium_bridge_square
          [aquarium_subvault_bridge, aquarium_subvault_wall,
          aquarium_subvault_balcony, aquarium_subvault_window],
          aquarium_bridge_square [aquarium_subvault_bridge,
          aquarium_subvault_bridge, aquarium_subvault_balcony,
          aquarium_subvault_bridge], aquarium_window_1, aquarium_window_1,
          aquarium_view_2c, kennysheep_generic_room_12
D:8:      layout_loops_ring, nicolae_qazlal_eye_of_the_storm,
          mainiacjoe_overflow_cross_hatched, hex_medium, uniq_gastronok
D:9:      layout_roguey, uniq_amaemon
D:10:     layout_rooms, hiddenorc2_lemuel, uniq_urug, uniq_maggie
D:11:     layout_rooms, minmay_lair_entry_grove, gammafunk_ghost_split,
          chequers_jeans, uniq_maurice
D:12:     layout_big_octagon, kennysheep_generic_room_3
D:13:     layout_cave_pods, serial_undead, serial_undead_f, serial_undead_b,
          serial_undead_e, serial_undead_f, elves_outpost_lemuel
D:14:     layout_rooms, david_vaults_1, nicolae_dithmenos_shadow_blocks,
          serial_shops, shop, nicolae_ashenzari_skybound
D:15:     grunt_enter_depths_giant_problem, layout_gridville,
          hangedman_decor_opposing, gammafunk_ghost_hive, minmay_crystal_box
Temple:   nicolae_temple_bog_church
Lair:1:   layout_gridlike, nicolae_volcano_entry_two_sided, grunt_megastairs_5,
          uniq_nergalle
Lair:2:   layout_cave_pods, minmay_snake_entry_spellcaster, uniq_sonja
Lair:3:   layout_small_grid, swamp_mist_pool, serial_forest,
          infiniplex_forest_end_2, infiniplex_forest_lined_3,
          infiniplex_forest_clump_long, infiniplex_forest_lined_2,
          beast_lair_carwin_3
Lair:4:   wander_river, layout_gridlike, serial_bayou, serial_bayou_lagoon_b,
          serial_bayou_crossing, serial_bayou_ford_a, serial_bayou_lagoon_a,
          serial_bayou_pond_b, infiniplex_staircase_pool
Lair:5:   hangedman_lair_tendril_chambers, layout_small_grid,
          guppyfry_lair_end_dragon, nicolae_slime_entry_field_trip, uniq_snorg
Swamp:1:  layout_basic_swamp, evilmike_swamp_ruin_rubble_2, swamp_pool2,
          uniq_kirke
Swamp:2:  layout_falls_marsh, evilmike_swamp_ruin_house_5, swamp_pool3,
          uniq_aizul, uniq_donald, uniq_louise
Swamp:3:  layout_basic_swamp, evilmike_swamp_ruin_house_4
Swamp:4:  swamp_basic_johnstein, layout_basic_swamp, ebering_ghost_xom,
          swamp_pool1, beargit_kiku_chapel, uniq_bai_suzhen
Snake:1:  layout_rooms, st_stairs_11, serial_bayou_shore_b, grunt_megastairs_4,
          serial_bayou_shore_b, minmay_shop_grove
Snake:2:  layout_misc_corridors, serial_bayou_shore_b, uniq_asterion
Snake:3:  layout_cave_town, serial_shops, nicolae_shop_stone,
          nicolae_specific_store, grunt_megastairs_2, uniq_agnes, uniq_mlioglotl
Snake:4:  grunt_snake_rune_pools, layout_onion, basic_altar, grunt_ministairs_5
Orc:1:    layout_caves, uniq_fannar
Orc:2:    kennysheep_orc_mage_school, layout_caves, abandoned_shop
Elf:1:    layout_gridlike, serial_shops, shop_fountains, shop,
          nicolae_shop_advertising_works [nicolae_subvault_shop_adworks],
          nicolae_lakefront_shop, nicolae_shop_temple_entry_statues_fountains,
          minmay_elf_sorcery
Elf:2:    nicolae_elf_blades_splatter_lattice [nicolae_blade_lattice],
          layout_geoelf_octagon, basic_altar, serial_shops, shop_statue,
          nicolae_stop_n_shop_2, shop, shop, shop
Elf:3:    elf_hall, layout_gridlike
Vaults:1: ebering_ghost_gozag, vaults_mumra_chevron, hangedman_vaults_trim,
          ontoclasm_vaults_shuriken, vaults_dpeg_doors, v_rooms_1,
          nicolae_vaults_rhombus_5, v_rooms_6, v_misc_19,
          vaults_mumra_minichess, vaults_room_door_hall,
          nicolae_vaults_mini_display_case, layout_vaults_ring, serial_shops,
          nicolae_shop_bloodbath_and_beyond
Vaults:2: dpeg_vaults_monster_row, vaults_room_door_ring,
          hangedman_vaults_stagger, hangedman_vaults_corner_blocks,
          nicolae_vaults_asterisk, vaults_room_semicircle,
          minmay_crypt_entry_simple_box, st_eye,
          nicolae_vaults_inception_corners, hangedman_vaults_snaps,
          vaults_mumra_hexcomb, v_misc_11, vaults_room_pool,
          layout_vaults_maze_bifur, nicolae_trove_entry_columns, uniq_zenata
Vaults:3: nzn_ghost_randoct, vaults_mumra_minichess_inversion,
          nicolae_vaults_big_ls, grunt_tower_of_power, v_misc_11,
          ontoclasm_vaults_eye, vaults_dpeg_hooks,
          nicolae_vaults_little_squares_6, v_misc_13, dpeg_vaults_monster_box,
          v_misc_30, grunt_vaults_hallway_short, v_misc_22,
          nicolae_vaults_theta, nicolae_vaults_shelves_hall,
          layout_vaults_omnibox, uniq_jory
Vaults:4: serial_ice_g, ontoclasm_vaults_loading_screen, vaults_room_grid,
          vaults_room_stairs_pillars, layout_vaults_omnigrid, serial_shops,
          nicolae_shop_crystal, uniq_margery
Vaults:5
Crypt:1:  layout_gridlike, st_stairs_8
Crypt:2:  layout_gridlike
Crypt:3:  david_glass_crypt, layout_gridlike, tomb_entry_simple_bobbens,
          ebering_ghost_inner_flame, amcnicky_mini_corridor_feature, minivault_5
Depths:1: layout_forbidden_donut, enter_ziggurat_f, old_standard_altar,
          hell_entry, st_stairs_9, nicolae_transporter_intersection, uniq_nikola
Depths:2: cross_vault, layout_gridlike, abyss_entry_crystal, hell_entry,
          rand_demon_pan_entry_4, serial_bayou_pond_e, kennysheep_nub,
          infiniplex_staircase_zigzag_5, serial_bayou_shore_b
Depths:3: minmay_the_grid_triangle_9x9_rhombus_thin
          [minmay_the_grid_triangle_9x9_longest,
          minmay_the_grid_triangle_9x9_prize_insulated,
          minmay_the_grid_triangle_9x9_alien,
          minmay_the_grid_triangle_9x9_sprig], layout_gridville,
          nicolae_abyss_entry_one_way_or_another, hell_entry, serial_shops,
          kennysheep_mini, uniq_mara
Depths:4: evilmike_zot_entry_diamond, layout_cave_pools, grunt_hell_horde,
          moated_statue, nicolae_kite_square_tiling_tiny, zin_scriptorium
Zot:1:    layout_twisted_circle
Zot:2:    layout_onion_interference
Zot:3:    layout_onion
Zot:4:    layout_gridlike, grunt_ministairs_14, uniq_tiamat
Zot:5:    layout_gridlike, guppyfry_library_mini

Notes
Turn   | Place    | Note
-------+----------+-------------------------------------------
     0 | D:1      | MackTheKnife the Draconian Venom Mage began the quest for
                  | the Orb.
     0 | D:1      | Reached XP level 1. HP: 14/14 MP: 3/3
     0 | D:1      | magus.rc [v1.9.6]
    58 | D:1      | You pick up a book of Minor Magic and begin reading...
    58 | D:1      | You add the spells Magic Dart and Call Imp to your library.
   735 | D:1      | Reached XP level 2. HP: 20/20 MP: 3/5
   783 | D:1      | You pick up a book of Necromancy and begin reading...
   783 | D:1      | You add the spells Necrotise, Vampiric Draining and Agony
                  | to your library.
   976 | D:1      | Learned a level 2 spell: Call Imp
   976 | D:1      | magus.rc [v1.9.6]
   976 | D:1      | magus.rc [v1.9.6]
  1075 | D:2      | Upgraded the game from 0.30-a0-612-g150a0467c1 to
                  | 0.30-a0-618-gd6c86c23d0
  1075 | D:2      | magus.rc [v1.9.6]
  1391 | D:2      | Reached skill level 1 in Summonings
  1528 | D:2      | Reached XP level 3. HP: 26/26 MP: 4/7
  1632 | D:2      | You pick up a book of Debilitation and begin reading...
  1632 | D:2      | You add the spells Slow and Confusing Touch to your
                  | library.
  1970 | D:2      | Found a faded altar of an unknown god.
  2339 | D:3      | Found a sacrificial altar of Ru.
  2566 | D:3      | Reached skill level 3 in Spellcasting
  2661 | D:3      | Found a glowing drain.
  2683 | Sewer    | Entered a sewer
  2745 | Sewer    | Noticed a kobold brigand
  2764 | Sewer    | Killed a kobold brigand
  2765 | Sewer    | Reached skill level 2 in Summonings
  2765 | Sewer    | Reached XP level 4. HP: 19/33 MP: 1/9
  2949 | Sewer    | Reached XP level 5. HP: 36/38 MP: 6/10
  3124 | Sewer    | Reached skill level 1 in Conjurations
  3257 | Sewer    | Reached skill level 4 in Spellcasting
  3305 | Sewer    | Learned a level 3 spell: Mephitic Cloud
  3867 | D:3      | Found a glowing silver altar of Zin.
  4136 | D:3      | Reached skill level 4 in Poison Magic
  4136 | D:3      | Reached XP level 6. HP: 42/45 MP: 10/12
  4145 | D:3      | Reached skill level 1 in Air Magic
  4154 | D:3      | Reached skill level 2 in Conjurations
  4491 | D:3      | Found an ancient bone altar of Kikubaaqudgha.
  5588 | D:4      | Found a glowing golden altar of the Shining One.
  5593 | D:4      | Found a burning altar of Makhleb.
  6188 | D:5      | Entered Level 5 of the Dungeon
  6254 | D:5      | Found a staircase to the Ecumenical Temple.
  6264 | Temple   | Entered the Ecumenical Temple
  6332 | Temple   | Became a worshipper of Vehumet
  6354 | D:5      | Reached skill level 2 in Air Magic
  6413 | D:5      | Reached skill level 3 in Conjurations
  6413 | D:5      | Your scales start taking on a glossy black colour.
  6413 | D:5      | Reached skill level 3 in Air Magic
  6413 | D:5      | Reached XP level 7. HP: 50/50 MP: 2/13
  6413 | D:5      | Gained mutation: You are resistant to electric shocks.
                  | (rElec) [Black Draconian growth]
  6636 | D:5      | Reached skill level 5 in Poison Magic
  7315 | D:5      | Reached XP level 8. HP: 57/57 MP: 9/15
  7531 | D:5      | Reached skill level 6 in Poison Magic
  7802 | D:5      | Reached skill level 5 in Spellcasting
  7903 | D:6      | Identified a potion of experience
  7905 | D:6      | Reached skill level 9 in Fighting
  7905 | D:6      | Reached skill level 9 in Spellcasting
  7905 | D:6      | Reached XP level 9. HP: 83/83 MP: 15/22
  7911 | D:6      | Learned a level 4 spell: Olgreb's Toxic Radiance
  7982 | D:6      | You pick up a book of Iron and begin reading...
  7982 | D:6      | You add the spells Blade Hands and Iron Shot to your
                  | library.
  8000 | D:6      | Reached * piety under Vehumet
  8000 | D:6      | Offered knowledge of Shock by Vehumet.
  8010 | D:6      | Reached skill level 2 in Dodging
  8809 | D:7      | Reached skill level 7 in Poison Magic
  9034 | D:7      | Reached skill level 3 in Dodging
  9071 | D:7      | Reached skill level 2 in Stealth
  9238 | D:7      | Reached skill level 3 in Stealth
  9252 | D:7      | HP: 14/83 [something/ball of steam (22)]
  9503 | D:7      | Reached skill level 4 in Stealth
  9864 | D:8      | Noticed Gastronok
 10120 | D:8      | Reached ** piety under Vehumet
 10120 | D:8      | Offered knowledge of Searing Ray by Vehumet.
 10121 | D:8      | Reached XP level 10. HP: 91/91 MP: 14/23
 10124 | D:8      | Learned a level 2 spell: Searing Ray
 10149 | D:8      | Killed Gastronok
 10150 | D:8      | Reached skill level 6 in Stealth
 10451 | D:8      | Found a stormy altar of Qazlal.
 10609 | D:8      | Found an opulent altar of Gozag.
 11183 | D:9      | Noticed an orange demon
 11276 | D:8      | Identified a scroll of acquirement
 11276 | D:8      | Acquired a book of Dangerous Friends
 11277 | D:8      | You pick up a book of Dangerous Friends and begin
                  | reading...
 11277 | D:8      | You add the spells Summon Guardian Golem, Orb of
                  | Destruction and Spellforged Servitor to your library.
 11478 | D:9      | Noticed Amaemon
 11690 | D:9      | Reached skill level 10 in Fighting
 11870 | D:9      | Identified the +0 ring mail "Mekis" {Will++ Str+2}
 11939 | D:9      | Reached skill level 4 in Conjurations
 11978 | D:9      | Identified the +1 scale mail "Orafeint" {Rampage Drain
                  | Regen+}
 11981 | D:9      | You pick up a book of Lightning and begin reading...
 11981 | D:9      | You add the spells Static Discharge, Vhi's Electric Charge,
                  | Lightning Bolt and Arcjolt to your library.
 12075 | D:9      | Killed Amaemon
 12076 | D:9      | Reached skill level 5 in Conjurations
 12084 | D:9      | Killed an orange demon
 12366 | D:10     | Entered Level 10 of the Dungeon
 12366 | D:10     | Noticed Urug
 12538 | D:10     | Offered knowledge of Kindle Blastsparks by Vehumet.
 12541 | D:9      | magus.rc [v1.9.6]
 12543 | D:10     | Noticed Maggie
 12543 | D:10     | Noticed a two-headed ogre
 12580 | D:10     | Killed Urug
 12581 | D:10     | Reached skill level 6 in Conjurations
 12581 | D:10     | Reached XP level 11. HP: 99/99 MP: 13/24
 12803 | D:10     | Maggie changed into Maggie the acid dragon
 12803 | D:10     | Noticed Maggie
 12808 | D:10     | Killed Maggie the acid dragon
 12899 | D:10     | Killed a two-headed ogre
 12900 | D:10     | Reached skill level 7 in Conjurations
 12971 | D:10     | Found a staircase to the Orcish Mines.
 12972 | D:10     | Reached *** piety under Vehumet
 13122 | D:10     | Offered knowledge of Dazzling Flash by Vehumet.
 13371 | D:11     | Noticed Maurice
 13380 | D:11     | Killed Maurice
 13381 | D:11     | Reached skill level 8 in Conjurations
 13448 | D:11     | Noticed a two-headed ogre
 13457 | D:11     | Noticed a boulder beetle
 13457 | D:11     | Noticed a boulder beetle
 13479 | D:11     | Killed a two-headed ogre
 13480 | D:11     | Reached skill level 9 in Conjurations
 13484 | D:11     | Killed a boulder beetle
 13736 | D:11     | Killed a boulder beetle
 13737 | D:11     | Reached skill level 10 in Conjurations
 13742 | D:11     | Found a runed translucent gate.
 13742 | D:11     | Found a runed translucent gate.
 13742 | D:11     | Found a runed translucent gate.
 13756 | D:11     | Noticed a two-headed ogre
 13757 | D:11     | a two-headed ogre changed into a death drake
 13757 | D:11     | Noticed a death drake (shapeshifter)
 13758 | D:11     | Noticed Ezukleytt's ghost (journeyman SpHu)
 13758 | D:11     | Noticed a boulder beetle
 13771 | D:11     | Reached **** piety under Vehumet
 13789 | D:11     | Found a staircase to the Lair.
 14260 | D:11     | Noticed an ice dragon
 14266 | D:11     | Noticed an ettin
 14267 | D:11     | You pick up a book of Blasting and begin reading...
 14267 | D:11     | You add the spells Kindle Blastsparks, Fulminant Prism,
                  | Iskenderun's Mystic Blast and Lee's Rapid Deconstruction to
                  | your library.
 14273 | D:11     | Learned a level 4 spell: Fulminant Prism
 14292 | D:11     | Noticed a two-headed ogre
 14309 | D:11     | Killed a two-headed ogre
 14310 | D:11     | Reached skill level 1 in Hexes
 14328 | D:11     | Reached skill level 2 in Hexes
 14366 | D:11     | Offered knowledge of Iskenderun's Battlesphere by Vehumet.
 14682 | Lair:1   | Entered Level 1 of the Lair of Beasts
 14688 | Lair:1   | Noticed a death yak
 14688 | Lair:1   | Noticed a death yak
 14689 | Lair:1   | Noticed a death yak
 14691 | Lair:1   | Noticed a death yak
 14691 | Lair:1   | Noticed a death yak
 14694 | Lair:1   | Noticed a death yak
 14695 | Lair:1   | Killed a death yak
 14696 | Lair:1   | Reached skill level 3 in Hexes
 14696 | Lair:1   | Reached XP level 12. HP: 90/106 MP: 12/25
 14697 | Lair:1   | Killed a death yak
 14697 | Lair:1   | Killed a death yak
 14698 | Lair:1   | Reached skill level 4 in Hexes
 14698 | Lair:1   | Killed a death yak
 14698 | Lair:1   | Killed a death yak
 14699 | Lair:1   | Reached skill level 10 in Spellcasting
 14705 | Lair:1   | Killed a death yak
 14708 | Lair:1   | Noticed a death yak
 14721 | Lair:1   | Killed a death yak
 14745 | Lair:1   | You pick up a book of the Earth and begin reading...
 14745 | Lair:1   | You add the spells Leda's Liquefaction and Statue Form to
                  | your library.
 14747 | Lair:1   | You pick up a book of the Hunter and begin reading...
 14747 | Lair:1   | You add the spells Call Canine Familiar and Portal
                  | Projectile to your library.
 14765 | Lair:1   | Reached skill level 11 in Spellcasting
 14797 | Lair:1   | Found a dark tunnel.
 14955 | Volcano  | Entered a volcano
 14992 | Volcano  | Reached skill level 1 in Earth Magic
 15058 | Volcano  | Reached skill level 2 in Earth Magic
 15064 | Volcano  | Reached skill level 3 in Earth Magic
 15064 | Volcano  | HP: 17/106 [alligator skeleton (12)]
 15468 | Volcano  | HP: 24/106 [skeletal warrior/+2 halberd of flaming (6)]
 15577 | Volcano  | Reached skill level 4 in Earth Magic
 15958 | Lair:1   | Learned a level 6 spell: Iron Shot
 16171 | Lair:1   | Noticed Nergalle
 16181 | Lair:1   | Killed Nergalle
 16456 | Lair:1   | Gained mutation: You are somewhat resistant to further
                  | mutation. [potion of mutation]
 16456 | Lair:1   | Gained mutation: You possess an exceptional clarity of
                  | mind. [potion of mutation]
 16738 | Lair:2   | Reached skill level 5 in Earth Magic
 16821 | Lair:2   | Noticed a four-headed hydra
 16826 | Lair:2   | Noticed Sonja
 16828 | Lair:2   | Killed a four-headed hydra
 16838 | Lair:2   | Reached skill level 6 in Earth Magic
 16838 | Lair:2   | Reached XP level 13. HP: 113/113 MP: 2/28
 16838 | Lair:2   | Killed Sonja
 17251 | Lair:2   | Reached skill level 7 in Earth Magic
 17308 | Lair:2   | Reached ***** piety under Vehumet
 17308 | Lair:2   | Offered knowledge of Irradiate by Vehumet.
 17378 | Lair:2   | Learned a level 5 spell: Irradiate
 17495 | Lair:2   | Found a staircase to the Snake Pit.
 18096 | Lair:3   | Found a staircase to the Swamp.
 18178 | Lair:3   | Reached skill level 8 in Earth Magic
 18250 | Lair:3   | You pick up a book of Changes and begin reading...
 18250 | Lair:3   | You add the spells Beastly Appendage, Wereblood and Spider
                  | Form to your library.
 18279 | Lair:3   | Reached skill level 3 in Summonings
 18523 | Lair:3   | Identified the +1 leather armour "Zaqitwil" {rElec rCorr}
 18738 | Lair:3   | You pick up a book of Debilitation and begin reading...
 19221 | Lair:4   | Reached skill level 4 in Summonings
 19285 | Lair:4   | You fall into a shaft and drop 1 floor!
 19285 | Lair:5   | Entered Level 5 of the Lair of Beasts
 19289 | Lair:5   | HP: 28/113 [elephant (11)]
 19303 | Lair:5   | Reached skill level 5 in Summonings
 19949 | Lair:4   | Reached skill level 6 in Summonings
 19982 | Lair:4   | Learned a level 7 spell: Spellforged Servitor
 20334 | Lair:5   | Reached skill level 7 in Summonings
 20437 | Lair:5   | Noticed Snorg
 20607 | Lair:5   | Killed Snorg
 20850 | Lair:5   | Reached skill level 8 in Summonings
 21272 | Lair:5   | Gained mutation: Your large and strong wings let you fly.
                  | [Black Draconian growth]
 21272 | Lair:5   | Reached XP level 14. HP: 67/121 MP: 3/29
 21418 | Lair:5   | Reached skill level 11 in Conjurations
 21727 | Lair:5   | Offered knowledge of Freezing Cloud by Vehumet.
 21925 | Lair:5   | Reached skill level 9 in Summonings
 22056 | Lair:5   | Reached skill level 12 in Spellcasting
 22345 | Lair:5   | Found a viscous altar of Jiyva.
 22436 | Lair:5   | You add the spells Borgnjor's Vile Clutch, Summon Forest
                  | and Dispersal to your library.
 22436 | Lair:5   | Got the Guide on Transposed Last Rites
 22437 | Lair:5   | Found a staircase to the Slime Pits.
 23195 | Orc:1    | Entered Level 1 of the Orcish Mines
 23195 | Orc:1    | Noticed Fannar
 23201 | Orc:1    | Killed Fannar
 23322 | Orc:1    | Noticed an orc warlord
 23346 | Orc:1    | Killed an orc warlord
 23623 | Orc:2    | Entered Level 2 of the Orcish Mines
 23631 | Orc:2    | Learned a level 5 spell: Freezing Cloud
 23787 | Orc:2    | Reached skill level 12 in Conjurations
 23794 | Orc:2    | Found Binonways's Magic Scroll Boutique.
 23859 | Orc:2    | Found an ancient bone altar of Kikubaaqudgha.
 23859 | Orc:2    | Identified a +1 robe of the Archmagi
 24049 | Orc:2    | Found a staircase to the Elven Halls.
 24464 | Orc:2    | Found Zudini's Jewellery Shop.
 24493 | Orc:2    | Found a radiant altar of Vehumet.
 24494 | Orc:2    | Noticed Erolcha
 24500 | Orc:2    | Killed Erolcha
 24564 | Orc:2    | Found Umaolokk's Antique Armour Boutique.
 24609 | Orc:2    | Found Ziwyirph's Book Shop.
 25019 | D:12     | Reached skill level 13 in Spellcasting
 25379 | D:12     | Offered knowledge of Ozocubu's Refrigeration by Vehumet.
 25846 | D:13     | You pick up a book of the Tundra and begin reading...
 25846 | D:13     | You add the spells Hailstorm, Ice Form and Simulacrum to
                  | your library.
 26045 | D:13     | Reached skill level 13 in Conjurations
 26063 | D:13     | Reached XP level 15. HP: 111/126 MP: 23/32
 27324 | D:14     | Found Dohariar's Antique Armour Boutique.
 27426 | D:14     | Bought an embroidered scarf for 248 gold pieces
 27507 | D:14     | Reached skill level 14 in Spellcasting
 27532 | D:14     | Found a shadowy altar of Dithmenos.
 27655 | D:14     | Reached skill level 14 in Conjurations
 27837 | D:14     | Identified the +10 war axe of Okawaru's Envy {drain, rF+
                  | Str+4}
 27869 | D:14     | Reached ****** piety under Vehumet
 28112 | D:14     | Found a broken altar of Ashenzari.
 28282 | D:14     | Found a gate to the Vaults.
 28355 | D:15     | Entered Level 15 of the Dungeon
 28373 | D:15     | Offered knowledge of Fireball by Vehumet.
 28379 | D:15     | Reached skill level 1 in Shields
 28411 | D:15     | Found a transporter.
 28455 | D:15     | Reached skill level 2 in Shields
 28460 | D:15     | Reached skill level 3 in Shields
 28535 | D:15     | Found a transporter.
 28565 | D:15     | Noticed Koud Lun's ghost (adept DjCj)
 28611 | D:15     | Reached skill level 4 in Shields
 28648 | D:15     | Found a staircase to the Depths.
 28708 | D:15     | Reached skill level 5 in Shields
 28776 | D:15     | Found a runed translucent door.
 29338 | D:15     | Reached skill level 6 in Shields
 29538 | D:15     | Reached skill level 5 in Dodging
 29538 | D:15     | Reached XP level 16. HP: 134/134 MP: 34/34
 29555 | D:15     | Identified the +3 falchion "Metaoser" {freeze, *Corrode rC+
                  | Str+3}
 29837 | Snake:1  | Entered Level 1 of the Snake Pit
 30046 | Snake:1  | You pick up a book of Party Tricks and begin reading...
 30046 | Snake:1  | You add the spells Apportation and Alistair's Intoxication
                  | to your library.
 30112 | Snake:1  | Reached skill level 6 in Dodging
 30195 | Snake:1  | Found Ygasiada's Jewellery Shoppe.
 30196 | Snake:1  | Found Wonuam's Book Boutique.
 30197 | Snake:1  | Found Milaipn's Jewellery Shoppe.
 30211 | Snake:1  | Bought a +6 ring of intelligence for 396 gold pieces
 30493 | Snake:1  | Reached XP level 17. HP: 106/143 MP: 35/35
 30915 | Snake:2  | Reached skill level 11 in Fighting
 31243 | Snake:2  | Reached skill level 7 in Dodging
 31669 | Snake:2  | Noticed Asterion
 31674 | Snake:2  | Killed Asterion
 32133 | Snake:3  | Noticed Agnes
 32137 | Snake:3  | Killed Agnes
 32306 | Snake:3  | Offered knowledge of Starburst by Vehumet.
 32400 | Snake:3  | Reached skill level 12 in Fighting
 32400 | Snake:3  | Reached skill level 8 in Dodging
 32662 | Snake:3  | Found Hij Hoit's General Store.
 32666 | Snake:3  | Found Upoempek's Specific Store.
 32730 | Snake:3  | Bought a scroll of fear for 52 gold pieces
 32732 | Snake:3  | Bought a potion of heal wounds for 65 gold pieces
 32748 | Snake:3  | Found Jamunlul's Distillery.
 32758 | Snake:3  | Bought a potion of brilliance for 60 gold pieces
 32758 | Snake:3  | Bought 2 potions of heal wounds for 150 gold pieces
 32758 | Snake:3  | Bought 2 potions of might for 120 gold pieces
 32758 | Snake:3  | Bought a potion of mutation for 120 gold pieces
 32758 | Snake:3  | Bought a potion of magic for 120 gold pieces
 32957 | Snake:3  | Noticed Mlioglotl
 32971 | Snake:3  | Killed Mlioglotl
 33288 | Snake:3  | You pick up a book of Spatial Translocations and begin
                  | reading...
 33288 | Snake:3  | You add the spells Blink, Momentum Strike and Lesser
                  | Beckoning to your library.
 33524 | Snake:4  | Entered Level 4 of the Snake Pit
 33544 | Snake:4  | Reached skill level 9 in Dodging
 33881 | Snake:4  | Reached skill level 13 in Fighting
 34344 | Snake:4  | Found a burning altar of Makhleb.
 34613 | Snake:4  | Offered knowledge of Conjure Ball Lightning by Vehumet.
 34631 | Snake:4  | Reached skill level 10 in Dodging
 35150 | Snake:4  | Reached skill level 14 in Fighting
 35668 | Snake:4  | Reached XP level 18. HP: 118/162 MP: 22/36
 35671 | Snake:4  | Reached skill level 15 in Fighting
 35951 | Snake:4  | Reached skill level 16 in Fighting
 36309 | Snake:4  | Got a serpentine rune of Zot
 36502 | Swamp:1  | Entered Level 1 of the Swamp
 36505 | Swamp:1  | Noticed Kirke
 36528 | Lair:3   | magus.rc [v1.9.6]
 36577 | Lair:3   | magus.rc [v1.9.6]
 36699 | Swamp:1  | Killed Kirke
 36952 | Swamp:1  | Offered knowledge of Eringya's Noxious Bog by Vehumet.
 37011 | Swamp:1  | Learned a level 6 spell: Eringya's Noxious Bog
 37146 | Swamp:1  | You pick up a book of Changes and begin reading...
 37231 | Swamp:2  | Reached skill level 2 in Transmutations
 37480 | Swamp:2  | Noticed Donald
 37482 | Swamp:2  | Noticed Aizul
 37644 | Swamp:2  | Reached skill level 3 in Transmutations
 37669 | Swamp:2  | Killed Donald
 37710 | Swamp:2  | Could not pick up a +0 eveningstar {macerare=g} and a
                  | potion of lignification {!q} here; ([A]lways) ignore them?
 37710 | Swamp:2  | Could not pick up a +0 eveningstar {macerare=g} and a
                  | potion of lignification {!q} here; ([A]lways) ignore them?
 37719 | Swamp:2  | Reached skill level 4 in Transmutations
 37725 | Swamp:2  | Killed Aizul
 37950 | Swamp:2  | Reached skill level 5 in Transmutations
 37997 | Swamp:2  | Noticed Louise
 38069 | Swamp:3  | Reached skill level 6 in Transmutations
 38289 | Swamp:3  | You pick up a book of Burglary and begin reading...
 38289 | Swamp:3  | You add the spells Passwall, Ensorcelled Hibernation and
                  | Swiftness to your library.
 38345 | Swamp:4  | Entered Level 4 of the Swamp
 38345 | Swamp:4  | Noticed suomimenusko's ghost (adept NaFi)
 38345 | Swamp:4  | Found a runed translucent door.
 38345 | Swamp:4  | Found a shimmering altar of Xom.
 38370 | Swamp:4  | Noticed Bai Suzhen
 38408 | Swamp:4  | Killed Bai Suzhen
 38527 | Swamp:4  | Reached skill level 15 in Spellcasting
 38735 | Swamp:4  | Reached skill level 1 in Evocations
 38793 | Swamp:4  | Reached skill level 2 in Evocations
 38910 | Swamp:4  | Reached skill level 3 in Evocations
 38942 | Swamp:4  | Reached skill level 4 in Evocations
 38986 | Swamp:4  | Reached XP level 19. HP: 91/174 MP: 26/38
 39197 | Swamp:4  | Learned a level 5 spell: Lee's Rapid Deconstruction
 39271 | Swamp:4  | Found an ancient bone altar of Kikubaaqudgha.
 39282 | Swamp:4  | Reached skill level 5 in Evocations
 39350 | Swamp:4  | Got the Reference Book on Lamentation
 39620 | Swamp:4  | Reached skill level 6 in Evocations
 39624 | Swamp:4  | Got a decaying rune of Zot
 40004 | Vaults:1 | Entered Level 1 of the Vaults
 40065 | Vaults:1 | Reached skill level 7 in Evocations
 40068 | Vaults:1 | Offered knowledge of Fire Storm by Vehumet.
 40068 | Vaults:1 | Offered knowledge of Shatter by Vehumet.
 40068 | Vaults:1 | Offered knowledge of Chain Lightning by Vehumet.
 40152 | Vaults:1 | Reached skill level 8 in Evocations
 40286 | Vaults:1 | Reached skill level 1 in Axes
 40391 | Vaults:1 | Reached skill level 2 in Axes
 40551 | Vaults:1 | Reached skill level 3 in Axes
 40735 | Vaults:1 | Found a runed translucent gate.
 40735 | Vaults:1 | Found a runed translucent gate.
 40735 | Vaults:1 | Found an opulent altar of Gozag.
 40735 | Vaults:1 | Found a runed translucent gate.
 40735 | Vaults:1 | Found Wagi's Assorted Antiques.
 40736 | Vaults:1 | Noticed flestrin's ghost (adept GnHW)
 40737 | Vaults:1 | Found Kiaschith's Assorted Antiques.
 40743 | Vaults:1 | magus.rc [v1.9.6]
 40817 | Vaults:1 | Reached skill level 4 in Axes
 40884 | Vaults:1 | Found Plog's Weapon Shoppe.
 41064 | Vaults:1 | Reached skill level 5 in Axes
 41077 | Vaults:1 | Reached skill level 6 in Axes
 41392 | Vaults:1 | Reached skill level 7 in Axes
 42075 | Vaults:1 | Reached skill level 8 in Axes
 42218 | Vaults:2 | Noticed a curse skull
 42222 | Vaults:2 | Killed a curse skull
 42404 | Vaults:2 | Reached skill level 9 in Axes
 42718 | Vaults:2 | Identified the +5 leather armour of the Delightful Grue
                  | {rN+ SInv Stlth+}
 42747 | Vaults:2 | Reached skill level 10 in Axes
 42759 | Vaults:2 | Found a staircase to the Crypt.
 43080 | Vaults:2 | Reached skill level 11 in Axes
 43280 | Vaults:2 | Reached XP level 20. HP: 182/182 MP: 20/39
 43617 | Vaults:2 | You pick up a book of Rime and begin reading...
 43617 | Vaults:2 | You add the spells Frozen Ramparts and Summon Ice Beast to
                  | your library.
 43797 | Vaults:2 | Reached skill level 12 in Axes
 44089 | Vaults:2 | Reached skill level 7 in Shields
 44182 | Vaults:2 | Noticed Zenata
 44266 | Vaults:3 | Reached skill level 8 in Shields
 44400 | Vaults:3 | You pick up a book of Burglary and begin reading...
 44645 | Vaults:3 | Reached skill level 9 in Shields
 45220 | Vaults:3 | Reached skill level 10 in Shields
 45266 | Vaults:3 | You pick up a book of Unlife and begin reading...
 45335 | Vaults:3 | Noticed Jory
 45664 | Vaults:3 | Killed Jory
 46157 | Vaults:3 | Found a radiant altar of Vehumet.
 46183 | Vaults:3 | Identified the +0 hat of the Realm of Zot {Dex+6}
 46188 | Vaults:3 | You pick up a book of Power and begin reading...
 46190 | Vaults:3 | Identified the +2 robe "Omua" {Will+ rCorr Int+5 Dex+4}
 46280 | Vaults:3 | Reached skill level 11 in Shields
 46485 | Vaults:3 | Found a transporter.
 46492 | Vaults:3 | Noticed Vivivvi's ghost (veteran DjCj)
 46492 | Vaults:3 | Noticed an ancient lich
 46500 | Vaults:3 | Found a transporter.
 46501 | Vaults:3 | Noticed Ciotsan's ghost (adept FeIE)
 46502 | Vaults:3 | Noticed Fubrub's ghost (veteran GnWr)
 47113 | Vaults:4 | Learned a level 6 spell: Death Channel
 47384 | Vaults:4 | Found Fefeid's Armour Shoppe.
 47574 | Vaults:4 | Reached skill level 12 in Shields
 48028 | Vaults:1 | Killed flestrin's ghost
 48286 | Elf:1    | Entered Level 1 of the Elven Halls
 48407 | Elf:1    | Found Qoomp's Antique Weapon Emporium.
 48444 | Elf:1    | Bought a runed broad axe for 259 gold pieces
 48893 | Elf:1    | Found Sekiery's General Store.
 49009 | Elf:1    | Reached skill level 13 in Shields
 49060 | Elf:1    | You pick up a book of the Wilderness and begin reading...
 49060 | Elf:1    | You add the spells Summon Mana Viper and Summon Cactus
                  | Giant to your library.
 49066 | Elf:1    | Got the Tome of Assembled Violence
 49118 | Elf:1    | Found Fyvy's Book Shop.
 49184 | Elf:1    | Bought a manual of Dodging for 1280 gold pieces
 49190 | Elf:1    | Found Ynadwab's Book Shoppe.
 49376 | Elf:1    | Found Dafug's Distillery.
 49385 | Elf:1    | Bought a potion of magic for 104 gold pieces
 49385 | Elf:1    | Bought a potion of resistance for 130 gold pieces
 49385 | Elf:1    | Bought 2 potions of magic for 208 gold pieces
 49385 | Elf:1    | Bought a potion of brilliance for 52 gold pieces
 49646 | Elf:2    | Found Bouliuse's Antique Weapon Boutique.
 49653 | Elf:2    | Found Jaceank's Weapon Shoppe.
 49718 | Elf:2    | Reached XP level 21. HP: 189/189 MP: 15/40
 49839 | Elf:2    | Reached skill level 14 in Shields
 49927 | Elf:2    | Found Quxzomik's Distillery.
 50020 | Elf:2    | Found an ancient bone altar of Kikubaaqudgha.
 50057 | Elf:2    | Found Hawkucvu's Antique Weapon Shoppe.
 50143 | Elf:2    | Found Acvon's Distillery.
 50149 | Elf:2    | Paralysed by an air elemental for 1 turns
 50174 | Elf:2    | Bought a potion of haste for 140 gold pieces
 50174 | Elf:2    | Bought a potion of experience for 700 gold pieces
 50174 | Elf:2    | Reached skill level 15 in Shields
 50174 | Elf:2    | Reached XP level 22. HP: 198/198 MP: 41/41
 50261 | Elf:2    | Reached skill level 1 in Necromancy
 50279 | Elf:2    | Found a runed translucent gate.
 50279 | Elf:2    | Found a runed translucent gate.
 50280 | Elf:2    | Found a runed translucent gate.
 50415 | Elf:3    | Entered Level 3 of the Elven Halls
 50432 | Elf:3    | Reached skill level 2 in Necromancy
 50468 | Elf:3    | You pick up a book of Armaments and begin reading...
 50468 | Elf:3    | You add the spells Stone Arrow and Lehudib's Crystal Spear
                  | to your library.
 50477 | Elf:3    | You pick up a book of Weapons and begin reading...
 50697 | Elf:3    | Reached skill level 3 in Necromancy
 50939 | Elf:3    | Paralysed by an air elemental for 1 turns
 50945 | Elf:3    | Reached skill level 4 in Necromancy
 51060 | Elf:3    | You pick up a book of Changes and begin reading...
 51127 | Elf:3    | Reached skill level 5 in Necromancy
 51315 | Elf:3    | Reached skill level 6 in Necromancy
 51327 | Elf:3    | Identified the +7 lajatang "Vyinn" {freeze, rN+ MP+9 Int-5}
 51327 | Elf:3    | Identified the ring of the Meadowlark {Drain rF+ MP+9
                  | Slay+3}
 51330 | Elf:3    | Reached skill level 7 in Necromancy
 51341 | Elf:3    | Reached skill level 8 in Necromancy
 51357 | Elf:3    | Identified the +6 chain mail of Narcissism {Contam Int+2
                  | SInv}
 51361 | Elf:3    | Reached skill level 9 in Necromancy
 51381 | Elf:3    | Identified the +4 whip "Killer Klown's Bane" {flame, rPois}
 51464 | Elf:3    | Identified the +10 spear of the Desert {pain, +Blink rElec
                  | rC+}
 51628 | Elf:3    | You add the spells Cigotuvi's Dreadful Rot and Infestation
                  | to your library.
 51628 | Elf:3    | Got the Compendium of the Postmortem Retinue
 51632 | Elf:3    | Identified the +5 sling of Fate {freeze, rC++ rN++ Will-}
 51641 | Elf:3    | Got the Collected Works on the Petrous Coward
 51644 | Elf:3    | Identified the +5 ring mail of the Circus Animal {Rampage
                  | Int+8 Slay-6}
 51965 | Crypt:1  | Entered Level 1 of the Crypt
 52010 | Crypt:1  | Reached skill level 10 in Necromancy
 52072 | Crypt:1  | You pick up a book of Winter and begin reading...
 52072 | Crypt:1  | You add the spells Ozocubu's Armour and Metabolic
                  | Englaciation to your library.
 52356 | Crypt:1  | Reached skill level 11 in Dodging
 53023 | Crypt:1  | Reached skill level 12 in Dodging
 53565 | Crypt:2  | Noticed a curse skull
 53569 | Crypt:2  | Killed a curse skull
 53570 | Crypt:2  | Reached skill level 13 in Dodging
 53732 | Crypt:2  | Reached skill level 14 in Dodging
 54168 | Crypt:3  | Entered Level 3 of the Crypt
 54416 | Crypt:3  | Reached XP level 23. HP: 186/204 MP: 34/42
 54471 | Crypt:3  | Reached skill level 15 in Dodging
 54518 | Crypt:3  | Noticed a curse skull
 54521 | Crypt:3  | Killed a curse skull
 54631 | Crypt:3  | Noticed a curse skull
 54633 | Crypt:3  | Killed a curse skull
 54812 | Crypt:3  | Got the Reference Book on the Tainted Mausoleum
 55010 | Crypt:3  | Noticed an ancient lich
 55024 | Crypt:3  | Reached skill level 13 in Axes
 55168 | Crypt:3  | Noticed an ancient lich
 55168 | Crypt:3  | Noticed an ancient lich
 55283 | Crypt:3  | Found a staircase to the Tomb.
 55647 | Crypt:3  | Found a runed translucent door.
 55650 | Crypt:3  | Noticed Etzawyl's ghost (adept OpEE)
 55663 | Crypt:3  | Killed Etzawyl's ghost
 55875 | Depths:1 | Entered Level 1 of the Depths
 55875 | Depths:1 | Noticed Nikola
 55884 | Depths:1 | Killed Nikola
 56178 | Vaults:5 | Entered Level 5 of the Vaults
 56485 | Vaults:5 | Noticed a dread lich
 56486 | Vaults:5 | Paralysed by a dread lich for 2 turns
 56491 | Vaults:5 | Paralysed by a dread lich for 2 turns
 56491 | Vaults:5 | Killed a dread lich
 56564 | Vaults:5 | Noticed a dread lich
 56790 | Vaults:5 | Reached skill level 15 in Conjurations
 57114 | Vaults:5 | Reached skill level 11 in Necromancy
 57495 | Vaults:5 | Reached skill level 16 in Spellcasting
 57515 | Vaults:5 | Identified the +6 hand axe of Nitav {freeze, Fly rPois}
 57523 | Vaults:5 | Found Cegi's Weapon Boutique.
 57525 | Vaults:5 | Identified the +1 robe "Unoexec" {Contam Rampage +Inv
                  | Int+3}
 57530 | Vaults:5 | You pick up a book of Unlife and begin reading...
 57899 | Vaults:5 | Identified +0 gold dragon scales
 57901 | Vaults:5 | +0 gold dragon scales {rare}; a golden dragon corpse
 57907 | Vaults:5 | You pick up a book of Armaments and begin reading...
 58217 | Vaults:5 | Got a silver rune of Zot
 58435 | Vaults:5 | Reached skill level 16 in Conjurations
 58857 | Vaults:5 | You pick up a book of Misfortune and begin reading...
 58857 | Vaults:5 | You add the spells Yara's Violent Unravelling and Enfeeble
                  | to your library.
 58883 | Vaults:5 | Learned a level 5 spell: Yara's Violent Unravelling
 58976 | Vaults:5 | You pick up a book of Changes and begin reading...
 59424 | Vaults:5 | Paralysed by something for 2 turns
 59711 | Vaults:5 | Paralysed by a dread lich for 3 turns
 59716 | Vaults:5 | Killed a dread lich
 59717 | Vaults:5 | Reached XP level 24. HP: 211/212 MP: 33/43
 59986 | D:15     | Reached skill level 17 in Spellcasting
 60477 | Depths:1 | Found a transporter.
 60487 | Depths:1 | Reached skill level 17 in Conjurations
 60593 | Depths:1 | Found a transporter.
 60658 | Depths:1 | Found a transporter.
 60988 | Depths:1 | Found a one-way gateway to a ziggurat.
 61230 | Depths:1 | Found a burning altar of Makhleb.
 61230 | Depths:1 | Found a gateway to Hell.
 61278 | Depths:1 | Found a transporter.
 61727 | Depths:2 | Reached skill level 9 in Earth Magic
 61866 | Depths:2 | Found a one-way gate to the infinite horrors of the Abyss.
 62320 | Depths:2 | You pick up a book of Maledictions and begin reading...
 62519 | Depths:2 | You pick up a book of Frost and begin reading...
 62553 | Depths:2 | Noticed a juggernaut
 62556 | Depths:2 | Reached skill level 10 in Earth Magic
 62562 | Depths:2 | Killed a juggernaut
 62570 | Depths:2 | Acquired the Anthology of Intoxication and the Vector
 62571 | Depths:2 | You add the spells Manifold Assault and Malign Gateway to
                  | your library.
 62886 | Depths:2 | You pick up a book of Blasting and begin reading...
 62888 | Depths:2 | You pick up a book of Debilitation and begin reading...
 62920 | Depths:2 | You pick up a book of Death and begin reading...
 62929 | Depths:2 | Learned a level 7 spell: Haunt
 63324 | Depths:2 | Found a one-way gate leading to the halls of Pandemonium.
 63413 | Depths:2 | Reached skill level 10 in Summonings
 63849 | Depths:3 | Found Yfutt's Antique Weapon Boutique.
 63883 | Depths:3 | Noticed Mara
 64382 | Depths:3 | Identified the +8 war axe of Yeast {freeze, Drain +Blink
                  | rPois Dex+2}
 64551 | Depths:3 | Reached skill level 11 in Summonings
 64695 | Depths:3 | Found the +8 Vampire's Tooth {vamp}
 64705 | Depths:3 | Got Pisoest's Book of the Tectonic Sky
 64983 | Depths:3 | Killed Mara
 65020 | Depths:3 | Noticed a juggernaut
 65026 | Depths:3 | Killed a juggernaut
 65310 | Depths:3 | You pick up a book of Hexes and begin reading...
 65310 | Depths:3 | You add the spells Inner Flame, Cause Fear and Discord to
                  | your library.
 65520 | Depths:3 | Reached skill level 12 in Necromancy
 65574 | Depths:4 | Entered Level 4 of the Depths
 65600 | Depths:4 | You pick up a book of Death and begin reading...
 65874 | Depths:4 | Reached skill level 12 in Summonings
 65874 | Depths:4 | Reached XP level 25. HP: 139/218 MP: 36/44
 66300 | Depths:4 | Noticed a juggernaut
 66309 | Depths:4 | Killed a juggernaut
 66478 | Depths:4 | Reached skill level 13 in Necromancy
 66535 | Depths:4 | You pick up a book of Armaments and begin reading...
 66746 | Depths:4 | Found a gate to the Realm of Zot.
 67328 | Depths:4 | Got the Verses on the Unlucky Anticline
 67385 | Depths:4 | Found a glowing silver altar of Zin.
 67451 | Depths:4 | Learned a level 6 spell: Summon Cactus Giant
 67494 | Zot:1    | Entered Level 1 of the Realm of Zot
 67508 | Zot:1    | Reached skill level 13 in Summonings
 67906 | Depths:4 | +0 shadow dragon scales {rare}; a shadow dragon corpse
 68029 | Zot:1    | +0 storm dragon scales {rare}; a storm dragon corpse
 68327 | Zot:1    | Noticed a curse toe
 68487 | Zot:1    | Noticed an electric golem
 68493 | Zot:1    | Killed an electric golem
 68666 | Zot:1    | HP: 50/217 [??? (47)]
 68666 | Zot:1    | Killed a curse toe
 68667 | Zot:1    | Reached skill level 14 in Necromancy
 69021 | Zot:1    | Noticed a curse toe
 69026 | Zot:1    | Killed a curse toe
 69052 | Zot:1    | You are sucked into a shaft and drop 1 floor!
 69088 | Zot:2    | Reached skill level 14 in Summonings
 69089 | Zot:2    | HP: 52/211 [something (10)]
 69092 | Zot:2    | HP: 22/198 [shadow dragon/bolt of negative energy (21)]
 69096 | Zot:2    | HP: 9/198 [red draconian scorcher/searing blast (17)]
 69625 | Zot:2    | +0 storm dragon scales {rare}; a storm dragon corpse
 70054 | Zot:2    | You pick up a book of Blood and begin reading...
 70054 | Zot:2    | You add the spells Sublimation of Blood and Summon Hydra to
                  | your library.
 70059 | Zot:2    | Identified the +0 pair of boots of Cixang {Int+4 Stlth+}
 70278 | Zot:1    | Identified +0 gold dragon scales
 70296 | Zot:1    | Reached skill level 17 in Fighting
 70305 | Zot:1    | HP: 50/221 [purple draconian/bolt of dispelling energy[a
                  | black draconian knight] (12)]
 70312 | Zot:1    | HP: 49/221 [white draconian stormcaller/divine providence[a
                  | red draconian scorcher] (9)]
 70316 | Zot:1    | HP: 18/221 [death drake][a red draconian scorcher] (9)]
 70317 | Zot:1    | HP: 8/221 [poisoned by a death drake (foul vapour)]
 70322 | Zot:1    | HP: 18/221 [poisoned by a death drake (foul vapour)]
 70346 | Zot:1    | HP: 32/221 [something/bolt of lightning[a red draconian
                  | scorcher] (6)]
 70823 | Zot:4    | Noticed a curse toe
 70830 | Zot:4    | Killed a curse toe
 71005 | Zot:4    | You pick up a book of the Dragon and begin reading...
 71005 | Zot:4    | You add the spells Dragon Form and Dragon's Call to your
                  | library.
 71014 | Zot:5    | Entered Level 5 of the Realm of Zot
 71719 | Zot:5    | Identified the +1 ring mail of the Manifold Portals {Will+
                  | Int+2 Dex-2}
 71852 | Zot:5    | quicksilver dragon scales {rare}; a quicksilver dragon
                  | corpse
 71895 | Zot:5    | Noticed an electric golem
 71895 | Zot:5    | Noticed a Killer Klown
 71895 | Zot:5    | Noticed an orb of fire
 71895 | Zot:5    | Noticed an orb of fire
 71895 | Zot:5    | Noticed an orb of fire
 71895 | Zot:5    | Gained mutation: Your body sometimes deteriorates upon
                  | taking damage. [an orb of fire]
 71896 | Zot:5    | Noticed an orb of fire
 71896 | Zot:5    | Noticed an orb of fire
 71896 | Zot:5    | Noticed an orb of fire
 71899 | Zot:5    | Noticed a dread lich
 71906 | Zot:5    | Noticed an orb of fire
 71907 | Zot:5    | Noticed an orb of fire
 71907 | Zot:5    | Noticed an orb of fire
 71909 | Zot:5    | Noticed an ancient lich
 71909 | Zot:5    | Noticed a Killer Klown
 71914 | Zot:5    | Gained mutation: Your magical capacity is low. (-10% MP)
                  | [an orb of fire]
 71921 | Zot:5    | Noticed a dread lich
 71922 | Zot:5    | Noticed an electric golem
 72161 | Zot:5    | Lost mutation: Your magical capacity is low. (-10% MP)
                  | [potion of mutation]
 72161 | Zot:5    | Lost mutation: You are somewhat resistant to further
                  | mutation. [potion of mutation]
 72161 | Zot:5    | Gained mutation: Your body often deteriorates upon taking
                  | damage. [potion of mutation]
 72162 | Zot:5    | Lost mutation: Your body often deteriorates upon taking
                  | damage. [potion of mutation]
 72162 | Zot:5    | Lost mutation: Your body sometimes deteriorates upon taking
                  | damage. [potion of mutation]
 72162 | Zot:5    | Gained mutation: You have a pair of small antennae on your
                  | head. [potion of mutation]
 72162 | Zot:5    | Gained mutation: Your system is resistant to poisons.
                  | (rPois) [potion of mutation]
 72163 | Zot:5    | Lost mutation: You possess an exceptional clarity of mind.
                  | [potion of mutation]
 72163 | Zot:5    | Lost mutation: You have a pair of small antennae on your
                  | head. [potion of mutation]
 72163 | Zot:5    | Lost mutation: Your system is resistant to poisons. (rPois)
                  | [potion of mutation]
 72163 | Zot:5    | Gained mutation: You are dopey. (Int -2) [potion of
                  | mutation]
 72164 | Zot:5    | Lost mutation: You are dopey. (Int -2) [potion of mutation]
 72164 | Zot:5    | Gained mutation: Your magical capacity is low. (-10% MP)
                  | [potion of mutation]
 72164 | Zot:5    | Gained mutation: Your mind is acute. (Int +4, Str/Dex -1)
                  | [potion of mutation]
 72164 | Zot:5    | Gained mutation: Your mind is very acute. (Int +8, Str/Dex
                  | -2) [potion of mutation]
 72165 | Zot:5    | Lost mutation: Your mind is very acute. (Int +8, Str/Dex
                  | -2) [potion of mutation]
 72165 | Zot:5    | Lost mutation: Your magical capacity is low. (-10% MP)
                  | [potion of mutation]
 72165 | Zot:5    | Gained mutation: Your mind is very acute. (Int +8, Str/Dex
                  | -2) [potion of mutation]
 72165 | Zot:5    | Gained mutation: You have a pair of small antennae on your
                  | head. [potion of mutation]
 72165 | Zot:5    | Gained mutation: You are clumsy. (Dex -2) [potion of
                  | mutation]
 72166 | Zot:5    | Lost mutation: You have a pair of small antennae on your
                  | head. [potion of mutation]
 72166 | Zot:5    | Lost mutation: You are clumsy. (Dex -2) [potion of
                  | mutation]
 72166 | Zot:5    | Lost mutation: Your mind is very acute. (Int +8, Str/Dex
                  | -2) [potion of mutation]
 72166 | Zot:5    | Gained mutation: You are vulnerable to heat. (rF-) [potion
                  | of mutation]
 72166 | Zot:5    | Gained mutation: You are very vulnerable to heat. (rF--)
                  | [potion of mutation]
 72166 | Zot:5    | Gained mutation: You are agile. (Dex +4, Str/Int -1)
                  | [potion of mutation]
 72167 | Zot:5    | Lost mutation: You are agile. (Dex +4, Str/Int -1) [potion
                  | of mutation]
 72167 | Zot:5    | Lost mutation: Your mind is acute. (Int +4, Str/Dex -1)
                  | [potion of mutation]
 72167 | Zot:5    | Gained mutation: Potions are less effective at restoring
                  | your health. [potion of mutation]
 72168 | Zot:5    | Lost mutation: You are very vulnerable to heat. (rF--)
                  | [potion of mutation]
 72168 | Zot:5    | Lost mutation: Potions are less effective at restoring your
                  | health. [potion of mutation]
 72168 | Zot:5    | Gained mutation: You have large cloven feet. [potion of
                  | mutation]
 72168 | Zot:5    | Gained mutation: You sometimes lose your temper in combat.
                  | [potion of mutation]
 72168 | Zot:5    | Gained mutation: You are vulnerable to cold. (rC-) [potion
                  | of mutation]
 72169 | Zot:5    | Lost mutation: You are vulnerable to cold. (rC-) [potion of
                  | mutation]
 72169 | Zot:5    | Lost mutation: You are vulnerable to heat. (rF-) [potion of
                  | mutation]
 72169 | Zot:5    | Lost mutation: You have large cloven feet. [potion of
                  | mutation]
 72169 | Zot:5    | Gained mutation: You are dopey. (Int -2) [potion of
                  | mutation]
 72170 | Zot:5    | Lost mutation: You sometimes lose your temper in combat.
                  | [potion of mutation]
 72170 | Zot:5    | Lost mutation: You are dopey. (Int -2) [potion of mutation]
 72170 | Zot:5    | Gained mutation: You are vulnerable to cold. (rC-) [potion
                  | of mutation]
 72170 | Zot:5    | Gained mutation: You are robust. (+10% HP) [potion of
                  | mutation]
 72170 | Zot:5    | Gained mutation: You are dopey. (Int -2) [potion of
                  | mutation]
 72170 | Zot:5    | Gained mutation: You are very robust. (+20% HP) [potion of
                  | mutation]
 72376 | Zot:5    | Reached skill level 18 in Fighting
 72439 | Zot:5    | quicksilver dragon scales {rare}; a quicksilver dragon
                  | corpse
 72461 | Zot:5    | Identified +0 gold dragon scales
 72463 | Zot:5    | +0 gold dragon scales {rare}; a golden dragon corpse
 72465 | Zot:5    | +0 storm dragon scales {rare}; a storm dragon corpse
 72516 | Zot:5    | +0 gold dragon scales {rare}; a golden dragon corpse
 72541 | Zot:5    | +0 gold dragon scales {rare}; a golden dragon corpse
 72542 | Zot:5    | +0 storm dragon scales {rare}; a storm dragon corpse
 72737 | Zot:5    | magus.rc [v1.9.6]
 72737 | Zot:5    | Lost mutation: You are vulnerable to cold. (rC-) [potion of
                  | mutation]
 72737 | Zot:5    | Lost mutation: You are very robust. (+20% HP) [potion of
                  | mutation]
 72737 | Zot:5    | Lost mutation: You are robust. (+10% HP) [potion of
                  | mutation]
 72737 | Zot:5    | Gained mutation: You are robust. (+10% HP) [potion of
                  | mutation]
 72939 | Zig:1    | Entered Level 1 of a ziggurat
 72995 | Zig:2    | Entered Level 2 of a ziggurat
 73047 | Zig:2    | Learned a level 8 spell: Lehudib's Crystal Spear
 73051 | Zig:3    | Entered Level 3 of a ziggurat
 73114 | Zig:3    | Identified the +1 chain mail of Hepliaklqana's Grace {rF+
                  | Will+ Stlth+}
 73118 | Zig:4    | Entered Level 4 of a ziggurat
 73129 | Zig:4    | Reached skill level 11 in Earth Magic
 73141 | Zig:4    | You pick up a book of Minor Magic and begin reading...
 73147 | Zig:4    | Identified the +8 short sword of Oneocw {drain, rElec rPois
                  | Will+++ rCorr}
 73206 | Zig:5    | Entered Level 5 of a ziggurat
 73220 | Zig:5    | Reached XP level 26. HP: 257/257 MP: 30/44
 73274 | Zig:5    | Acquired the +0 buckler of Piyjina {Int+9}
 73285 | Zig:6    | Entered Level 6 of a ziggurat
 73393 | Zig:6    | Paralysed by you for 2 turns
 73472 | Zig:6    | You pick up a book of Maledictions and begin reading...
 73622 | Zig:7    | Entered Level 7 of a ziggurat
 73644 | Zig:7    | Noticed Deyjiaxa the pandemonium lord
 73653 | Zig:7    | Found the +3 pair of mountain boots {steadfast, rC+}
 73658 | Zig:7    | Identified the +7 spear of Xotro {drain, MP+9}
 73668 | Depths:1 | Reached XP level 27. HP: 150/262 MP: 26/35
 74627 | Zot:5    | Reached skill level 18 in Conjurations
 74653 | Zot:5    | Killed an orb of fire
 74659 | Zot:5    | Killed an orb of fire
 74743 | Zot:5    | Reached skill level 12 in Earth Magic
 74762 | Zot:5    | Killed an orb of fire
 74769 | Zot:5    | Killed a dread lich
 74814 | Zot:5    | Noticed a dread lich
 74820 | Zot:5    | Killed a dread lich
 74885 | Zot:5    | Noticed an ancient lich
 74889 | Zot:5    | Killed an ancient lich
 74917 | Zot:5    | Killed an electric golem
 74983 | Zot:5    | Killed an orb of fire
 74984 | Zot:5    | Reached skill level 19 in Conjurations
 74993 | Zot:5    | Killed a dread lich
 74996 | Zot:5    | Gained mutation: You are very dopey. (Int -4) [an orb of
                  | fire]
 75000 | Zot:5    | Killed an orb of fire
 75199 | Zot:5    | Killed an electric golem
 75216 | Zot:5    | Killed an orb of fire
 75233 | Zot:5    | Killed an ancient lich
 75414 | Zot:5    | Identified the +8 chain mail "Noinur" {+Blink Str+3}
 75430 | Zot:5    | Got the Orb of Zot
 75485 | Zot:5    | Gained mutation: You are occasionally teleported next to
                  | monsters. [an orb of fire]
 75487 | Zot:5    | Noticed Sialou the pandemonium lord
 75487 | Zot:5    | Killed an orb of fire
 75488 | Zot:5    | Reached skill level 20 in Conjurations
 75506 | Zot:5    | Lost mutation: You are very dopey. (Int -4) [potion of
                  | mutation]
 75506 | Zot:5    | Lost mutation: You are robust. (+10% HP) [potion of
                  | mutation]
 75506 | Zot:5    | Lost mutation: You are dopey. (Int -2) [potion of mutation]
 75506 | Zot:5    | Gained mutation: Your body sometimes deteriorates upon
                  | taking damage. [potion of mutation]
 75506 | Zot:5    | Gained mutation: Your spells are a little easier to cast,
                  | but a little less powerful. [potion of mutation]
 75507 | Zot:5    | Lost mutation: You are occasionally teleported next to
                  | monsters. [potion of mutation]
 75507 | Zot:5    | Lost mutation: Your spells are a little easier to cast, but
                  | a little less powerful. [potion of mutation]
 75507 | Zot:5    | Gained mutation: Your natural rate of healing is unusually
                  | fast. [potion of mutation]
 75507 | Zot:5    | Gained mutation: You are vulnerable to heat. (rF-) [potion
                  | of mutation]
 75536 | Zot:5    | Lost mutation: Your natural rate of healing is unusually
                  | fast. [potion of mutation]
 75536 | Zot:5    | Lost mutation: Your body sometimes deteriorates upon taking
                  | damage. [potion of mutation]
 75536 | Zot:5    | Lost mutation: You are vulnerable to heat. (rF-) [potion of
                  | mutation]
 75536 | Zot:5    | Gained mutation: You are robust. (+10% HP) [potion of
                  | mutation]
 75536 | Zot:5    | Gained mutation: You are very robust. (+20% HP) [potion of
                  | mutation]
 75536 | Zot:5    | Gained mutation: You are agile. (Dex +4, Str/Int -1)
                  | [potion of mutation]
 76126 | D:$      | Escaped with the Orb!

Vanquished Creatures
  4 dread liches
  An orb of fire (Zot:5)
  An ancient lich (Zot:5)
  Mara (Depths:3)
  2 Killer Klowns (Zot:5)
  Bai Suzhen (Swamp:4)
  A curse toe (Zot:1)
  The ghost of Etzawyl the Earth Mage, an adept OpEE of Vehumet (Crypt:3)
  2 golden dragons
  Jory (Vaults:3)
  3 hellephants (Depths:4)
  A Tzitzimitl (Zot:5)
  A Brimstone Fiend (Zot:5)
  9 Orb Guardians
  2 tentacled monstrosities (Zot:1)
  3 liches
  5 quicksilver dragons
  The ghost of flestrin the Thaumaturge, an adept GnHW of Ashenzari (Vaults:1)
  5 titans
  Mlioglotl (Snake:3)
  2 deep elf master archers (Elf:3)
  Asterion (Snake:2)
  An Executioner (D:14)
  4 ancient champions
  3 sphinxes
  Gastronok (D:8)
  A death cob (Zot:1)
  Kirke (Swamp:1)
  3 tengu reavers
  5 shadow dragons
  2 draconian monks
  4 revenants
  7 storm dragons
  A fenstrider witch (Swamp:4)
  3 fire giants
  7 deep elf sorcerers
  3 frost giants
  4 nagarajas
  5 draconian knights
  An iron dragon (Vaults:5)
  Aizul (Swamp:2)
  A draconian scorcher (Zot:2)
  9 vault wardens
  An angel (Depths:1)
  A draconian shifter (Zot:2)
  A draconian annihilator (Zot:1)
  3 deep elf elementalists (Elf:3)
  10 ironbound preservers
  A ghoul (Crypt:3)
  4 ghost moths
  4 curse skulls
  3 war gargoyles
  A draconian stormcaller (Depths:4)
  3 ironbound thunderhulks
  2 quicksilver oozes (Zig:5)
  8 stone giants
  11 very ugly things
  A caustic shrike skeleton (Crypt:2)
  A green draconian (Depths:4)
  5 vampire knights
  A red draconian (Depths:4)
  A yellow draconian (Zot:1)
  3 white draconians
  8 deep elf demonologists
  A bunyip (Swamp:3)
  An eleionoma (Swamp:3)
  2 black draconians (Zot:2)
  8 deep elf annihilators
  8 dire elephants
  4 purple draconians
  An eidolon (Crypt:3)
  8 deep elf death magi
  Snorg (Lair:5)
  A merfolk impaler (Zig:4)
  A crystal guardian (Vaults:1)
  A green death (D:4)
  12 ettins
  A shambling mangrove (Swamp:2)
  A fire dragon (D:13)
  4 jiangshi
  A spriggan zombie (Crypt:2)
  An entropy weaver (Vaults:1)
  10 yaktaur captains
  3 deep elf high priests
  2 rakshasas
  A hell beast (Depths:2)
  7 ice dragons
  6 great orbs of eyes
  15 vault guards (Vaults:5)
  3 spriggan air magi
  4 ogre magi
  4 peacekeepers
  A caustic shrike simulacrum (Depths:2)
  6 hydras
  A juggernaut simulacrum (Depths:2)
  A salamander tyrant (Snake:4)
  6 centaur warriors
  6 ironbound frosthearts
  8 dancing weapons
  8 two-headed ogres
  5 alligators
  7 anacondas
  8 boulder beetles
  An Orb Guardian skeleton (Crypt:3)
  A deep troll shaman (Depths:2)
  4 deep troll earth magi
  10 naga warriors
  3 vampire magi
  11 death yaks
  A naga sharpshooter (Snake:3)
  10 hell knights
  Urug (D:10)
  5 hell hogs (Depths:4)
  6 tengu warriors
  2 soul eaters
  2 sun demons
  4 spriggan berserkers
  Nergalle (Lair:1)
  A wretched star (Zig:6)
  Sonja (Lair:2)
  11 deep elf knights
  7 shock serpents
  3 shadow wraiths (Crypt:3)
  A sixfirhy (Depths:2)
  15 skeletal warriors
  3 iron trolls
  Amaemon (D:9)
  3 goliath frogs
  24 deep trolls
  3 sea snakes (Snake:4)
  A bunyip zombie (Swamp:4)
  10 bog bodies
  An orange crystal statue (D:15)
  An obsidian statue (Vaults:1)
  9 glowing orange brains
  6 wizards
  4 phantasmal warriors (Crypt:1)
  29 deep elf zephyrmancers
  5 swamp dragons
  A lindwurm (shapeshifter) (Vaults:5)
  4 flayed ghosts
  14 ironbound convokers
  3 lindwurms (Vaults:1)
  8 necromancers
  14 deep elf archers
  3 harpies (Vaults:1)
  A wolf spider (Lair:5)
  6 orc sorcerers
  5 mana vipers
  24 deep elf pyromancers
  4 will-o-the-wisps
  9 cyclopes
  30 ugly things
  3 manticores
  9 moths of wrath
  5 elephants (Lair:5)
  30 black mambas
  5 guardian serpents
  A moth of wrath (shapeshifter) (Vaults:5)
  15 naga magi
  Maurice (D:11)
  An elephant (shapeshifter) (Vaults:5)
  A frost giant skeleton (Depths:3)
  A shock serpent zombie (Crypt:3)
  13 salamanders
  4 centaur zombies (D:13)
  14 vault sentinels
  An orange demon (D:9)
  A smoke demon (Depths:2)
  An eye of devastation (Zig:5)
  4 gargoyles
  2 torpor snails (Lair:1)
  A dire elephant skeleton (Crypt:3)
  A centaur skeleton (Crypt:2)
  A water nymph (shapeshifter) (Vaults:5)
  A shock serpent skeleton (Crypt:2)
  13 cane toads
  2 rime drakes
  An ice devil (Depths:2)
  3 bunyip simulacra
  4 komodo dragons
  8 nameless horrors
  3 freezing wraiths
  An ancient zyme (Zig:6)
  A komodo dragon (shapeshifter) (Depths:1)
  19 yaktaurs
  5 tengu conjurers
  2 meliai (D:15)
  2 meliai (shapeshifter)
  2 trolls
  4 merfolk (Zig:4)
  2 guardian mummies (Crypt:3)
  A hellwing (Zig:6)
  9 hornets
  A wind drake (shapeshifter) (Elf:1)
  A wolf spider simulacrum (D:14)
  A tarantella (Vaults:1)
  6 blink frogs
  2 hydra skeletons
  2 harpy skeletons
  A human simulacrum (Vaults:4)
  A fire giant simulacrum (Depths:2)
  A jumping spider (Vaults:3)
  3 air elementals
  A large abomination (Zig:6)
  A meliai zombie (D:13)
  12 flying skulls
  13 slime creatures
  15 water elementals
  13 wyverns
  5 vampires
  2 spriggans
  5 wraiths
  An ettin skeleton (Crypt:3)
  11 yaks
  2 ynoxinuls
  A culicivora (Vaults:1)
  2 shadows
  2 fire elementals
  3 alligator skeletons (Volcano)
  A black mamba skeleton (Crypt:2)
  5 basilisks
  A golden eye (Zig:6)
  2 steam dragons
  6 hogs
  2 vampire mosquitoes
  6 redbacks
  A chaos spawn (Zot:5)
  A spriggan simulacrum (Swamp:4)
  6 swamp worms
  36 nagas
  5 acid dragons
  21 water moccasins
  A deep troll skeleton (Crypt:1)
  3 swamp drakes
  5 black bears
  A glowing shapeshifter skeleton (Crypt:2)
  8 orc warriors
  2 hornet zombies (Swamp:4)
  A black bear (shapeshifter) (D:15)
  2 sky beasts
  An ice dragon simulacrum (Crypt:3)
  A black mamba simulacrum (Crypt:2)
  7 ogres
  9 centaurs
  12 wolves
  2 phantoms (D:5)
  5 kobold brigands
  A gnoll sergeant (D:7)
  11 bullfrogs
  5 scorpions
  5 wights (D:9)
  6 earth elementals
  A wyvern skeleton (Crypt:2)
  3 killer bees (D:10)
  A polar bear skeleton (Crypt:1)
  2 troll skeletons (Volcano)
  9 electric eels
  3 howler monkeys
  3 spriggan skeletons
  8 jellies
  9 orc priests
  5 hounds
  7 iguanas
  A black bear skeleton (Crypt:2)
  36 orc wizards
  An acid dragon skeleton (Crypt:1)
  A naga skeleton (Volcano)
  A deep dwarf skeleton (Crypt:1)
  10 gnolls
  5 adders
  2 river rats (Sewer)
  A swamp drake skeleton (Crypt:2)
  2 white imps
  An ufetubus (D:5)
  An adder skeleton (Crypt:1)
  2 worms (D:3)
  3 dart slugs
  68 orcs
  A bat skeleton (Crypt:1)
  6 endoplasms
  A giant cockroach (D:3)
  4 goblins
  3 hobgoblins
  4 jackals
  2 quokkas
  9 ball pythons
  6 bats
  2 frilled lizards
  A frilled lizard zombie (Crypt:3)
  A hobgoblin skeleton (Crypt:3)
  27 kobolds
  10 rats (Sewer)
1435 creatures vanquished.

Vanquished Creatures (collateral kills)
  6 orbs of fire (Zot:5)
  A dread lich (Vaults:5)
  An ancient lich (Zot:5)
  3 juggernauts
  2 curse toes
  Nikola (Depths:1)
  3 golden dragons
  A bone dragon (Depths:4)
  3 electric golems
  5 tentacled monstrosities
  A lich (Depths:4)
  13 Orb Guardians (Zot:5)
  2 deep elf blademasters (Elf:3)
  4 quicksilver dragons
  2 titans (Vaults:5)
  3 sphinxes
  A death cob (Zot:4)
  2 ancient champions
  An azure jelly (Zig:5)
  3 shadow dragons
  A revenant (Zig:2)
  3 storm dragons
  2 tengu reavers
  Donald (Swamp:2)
  Agnes (Snake:3)
  7 nagarajas
  2 draconian knights
  5 fire giants
  A deep elf sorcerer (Elf:3)
  An iron dragon (Depths:3)
  3 draconian scorchers
  6 frost giants
  7 vault wardens
  A balrug (D:11)
  2 ironbound preservers
  A ghoul (Crypt:3)
  4 very ugly things
  5 stone giants
  4 draconian annihilators
  A draconian shifter (Depths:4)
  An orc warlord (Orc:1)
  4 reapers
  3 war gargoyles
  An eleionoma (Swamp:2)
  2 deep elf demonologists
  4 green draconians
  3 black draconians
  An ironbound thunderhulk (Vaults:2)
  2 vampire knights
  7 dire elephants
  2 red draconians
  2 deep elf annihilators (Elf:3)
  A white draconian (Zot:5)
  2 yellow draconians
  2 spark wasps (Depths:3)
  2 bunyips
  3 eidola
  2 deep elf death magi
  2 jiangshi (Crypt:1)
  2 ettins
  2 crystal guardians (D:15)
  A merfolk javelineer (Zig:4)
  A yaktaur captain (Vaults:5)
  A fire dragon (Lair:5)
  5 great orbs of eyes
  A deep elf high priest (Elf:3)
  A shambling mangrove (Swamp:4)
  An entropy weaver (Vaults:3)
  7 hydras
  Fannar (Orc:1)
  3 ice dragons (Depths:4)
  A ghost crab (Swamp:4)
  A salamander tyrant (Zig:3)
  Erolcha (Orc:2)
  15 vault guards
  An Orb Guardian zombie (Crypt:3)
  A rakshasa (Depths:1)
  5 anacondas
  4 ogre magi
  A centaur warrior (Vaults:1)
  A spriggan air mage (Depths:2)
  2 boulder beetles
  A merfolk aquamancer (Zig:4)
  2 dancing weapons (Elf:2)
  7 alligators
  5 deep troll shamans
  2 hell hogs (Depths:4)
  3 two-headed ogres
  4 ironbound frosthearts
  A tengu warrior (Depths:2)
  8 naga warriors
  4 deep troll earth magi
  A bennu skeleton (Crypt:3)
  4 shock serpents
  A thrashing horror (Zig:6)
  9 naga sharpshooters (Snake:4)
  2 vampire magi
  A spriggan berserker (Swamp:4)
  A soul eater (Zig:2)
  A sun demon (D:11)
  2 deep elf knights
  3 hell knights
  3 iron trolls
  13 deep trolls
  A bunyip zombie (Swamp:4)
  2 goliath frogs
  15 skeletal warriors
  3 bog bodies (Swamp:4)
  4 naga ritualists
  3 spriggan druids
  2 sea snakes (Snake:4)
  2 deep elf archers
  6 swamp dragons (Swamp:4)
  4 lindwurms (Vaults:1)
  A bunyip skeleton (Crypt:1)
  5 deep elf pyromancers
  2 harpies (Vaults:1)
  A mana viper (Snake:4)
  2 ironbound convokers
  6 phantasmal warriors
  5 deep elf zephyrmancers
  2 necromancers
  A fire giant zombie (Depths:3)
  11 ugly things
  A will-o-the-wisp (Swamp:1)
  A stone giant zombie (Crypt:1)
  6 moths of wrath
  3 salamanders
  A centaur zombie (D:13)
  3 elephants (Lair:5)
  An apocalypse crab (Zig:6)
  7 black mambas
  5 guardian serpents
  7 naga magi
  An efreet (D:15)
  7 vault sentinels
  A komodo dragon (shapeshifter) (D:13)
  3 freezing wraiths
  9 yaktaurs
  2 ancient zymes (Zig:6)
  2 guardian mummies (Crypt:3)
  A tengu conjurer (Depths:1)
  A red devil (Depths:1)
  2 hornets (Swamp:3)
  2 merfolk (Zig:4)
  2 meliai (D:15)
  2 trolls
  5 tyrant leeches
  A nameless horror (Crypt:1)
  2 blink frogs (Lair:5)
  3 slime creatures
  A flying skull (Crypt:3)
  A slime creature (shapeshifter) (Vaults:5)
  6 spriggans
  A black mamba zombie (Crypt:1)
  5 wraiths
  2 wyverns (Lair:5)
  2 vampires
  A wyvern (shapeshifter) (Vaults:5)
  7 yaks (Lair:5)
  A fire dragon skeleton (Crypt:3)
  A hog (Swamp:1)
  A golden eye (Zig:6)
  A redback (Vaults:3)
  A large abomination (Zig:6)
  3 steam dragons
  5 vampire mosquitoes
  An acid dragon (D:12)
  19 nagas
  4 swamp worms
  A human skeleton (Depths:2)
  A water moccasin (Lair:5)
  A water nymph skeleton (Crypt:2)
  A hornet zombie (Swamp:4)
  2 orc warriors (Orc:1)
  3 swamp drakes (Swamp:4)
  2 wolves (Lair:5)
  A centaur (D:5)
  3 ogres
  A draconian skeleton (Crypt:2)
  An earth elemental (Elf:1)
  A salamander skeleton (Crypt:1)
  A queen bee zombie (Crypt:2)
  A black bear zombie (Crypt:3)
  2 hounds
  An orc priest (Orc:1)
  2 iguanas
  3 orc wizards
  A gnoll (D:3)
  4 adders
  A river rat (Sewer)
  A jelly zombie (Crypt:1)
  A worm (D:5)
  9 orcs
  An endoplasm (D:2)
  A hobgoblin (D:3)
  A jackal (D:2)
  6 kobolds (Sewer)
  4 ball pythons
  3 rats (Sewer)
  A butterfly (D:5)
583 creatures vanquished.

Vanquished Creatures (others)
  A death cob (Zot:1)
  A draconian monk (Zot:1)
  A bog body (Swamp:4)
  A water elemental (Elf:2)
  A jelly (D:7)
  A bush (Lair:5)
  16 foxfires
  68 fulminant prisms
  41 fungi
  106 plants
  4 withered plants (D:13)
241 creatures vanquished.

Grand Total: 2259 creatures vanquished

Table legend:
 A = Non-vault XP
 B = Vault XP
 C = Vault XP percentage of total XP
 D = Non-vault monster count
 E = Vault monster count
 F = Vault count percentage of total count
                 A         B        C        D         E       F
            +---------+---------+-------+---------+---------+-------
      Total |  663138 |  574999 |  46.4 |    1250 |     748 |  37.4
            +---------+---------+-------+---------+---------+-------
        D:1 |      16 |       0 |   0.0 |       9 |       0 |   0.0
        D:2 |      39 |       0 |   0.0 |      17 |       0 |   0.0
        D:3 |      95 |      18 |  15.9 |      20 |       7 |  25.9
        D:4 |     144 |       0 |   0.0 |      15 |       0 |   0.0
        D:5 |     915 |     272 |  22.9 |      22 |       5 |  18.5
        D:6 |     586 |       0 |   0.0 |      12 |       0 |   0.0
        D:7 |    1415 |      14 |   1.0 |      17 |       1 |   5.6
        D:8 |     510 |    1481 |  74.4 |      14 |       1 |   6.7
        D:9 |    1899 |    1198 |  38.7 |      22 |       2 |   8.3
       D:10 |    1609 |    1471 |  47.8 |      17 |      35 |  67.3
       D:11 |    5169 |    2201 |  29.9 |      19 |      12 |  38.7
       D:12 |    4577 |      35 |   0.8 |      16 |       1 |   5.9
       D:13 |    9111 |   10449 |  53.4 |      22 |      20 |  47.6
       D:14 |   14597 |    2996 |  17.0 |      29 |       5 |  14.7
       D:15 |   19320 |    4290 |  18.2 |      31 |       6 |  16.2
     Lair:1 |    6807 |    2021 |  22.9 |      15 |       3 |  16.7
     Lair:2 |    8015 |    1269 |  13.7 |      23 |       2 |   8.0
     Lair:3 |    3835 |    1728 |  31.1 |      14 |       8 |  36.4
     Lair:4 |    4952 |     209 |   4.0 |      23 |       1 |   4.2
     Lair:5 |   10472 |   14355 |  57.8 |      32 |      60 |  65.2
    Swamp:1 |    7080 |    2041 |  22.4 |      14 |       4 |  22.2
    Swamp:2 |   11183 |    2577 |  18.7 |      19 |       2 |   9.5
    Swamp:3 |    9827 |       0 |   0.0 |      19 |       0 |   0.0
    Swamp:4 |   10739 |   29141 |  73.1 |      19 |      44 |  69.8
    Snake:1 |    6002 |    5825 |  49.3 |      15 |      10 |  40.0
    Snake:2 |    7862 |    1636 |  17.2 |      18 |       1 |   5.3
    Snake:3 |   16937 |    6821 |  28.7 |      33 |       9 |  21.4
    Snake:4 |   34254 |   30654 |  47.2 |      74 |      42 |  36.2
      Orc:1 |    4755 |    1711 |  26.5 |      34 |       2 |   5.6
      Orc:2 |     386 |    7201 |  94.9 |       6 |      33 |  84.6
      Elf:1 |   13008 |    7772 |  37.4 |      24 |      12 |  33.3
      Elf:2 |   20448 |    1662 |   7.5 |      32 |       2 |   5.9
      Elf:3 |   25784 |   35766 |  58.1 |      44 |      32 |  42.1
   Vaults:1 |   24604 |   27797 |  53.0 |      35 |      39 |  52.7
   Vaults:2 |   19870 |   36483 |  64.7 |      26 |      42 |  61.8
   Vaults:3 |   11140 |   34448 |  75.6 |      21 |      46 |  68.7
   Vaults:4 |   13340 |     241 |   1.8 |      18 |       1 |   5.3
   Vaults:5 |   14863 |  100186 |  87.1 |      18 |      89 |  83.2
    Crypt:1 |   21044 |    1557 |   6.9 |      45 |       2 |   4.3
    Crypt:2 |   24371 |       0 |   0.0 |      39 |       0 |   0.0
    Crypt:3 |   21888 |   16996 |  43.7 |      32 |      17 |  34.7
   Depths:1 |   36431 |    5918 |  14.0 |      50 |       4 |   7.4
   Depths:2 |   42381 |   12555 |  22.9 |      62 |      11 |  15.1
   Depths:3 |   11625 |   24516 |  67.8 |      12 |      17 |  58.6
   Depths:4 |   34674 |   23017 |  39.9 |      35 |      20 |  36.4
      Zot:1 |   42801 |       0 |   0.0 |      29 |       0 |   0.0
      Zot:2 |   34142 |       0 |   0.0 |      33 |       0 |   0.0
      Zot:3 |     982 |       0 |   0.0 |       1 |       0 |   0.0
      Zot:4 |    5696 |       0 |   0.0 |       3 |       0 |   0.0
      Zot:5 |   20164 |  109633 |  84.5 |      15 |      45 |  75.0
      Zig:1 |    1307 |       0 |   0.0 |       1 |       0 |   0.0
      Zig:2 |    2161 |       0 |   0.0 |       2 |       0 |   0.0
      Zig:3 |    2942 |       0 |   0.0 |       4 |       0 |   0.0
      Zig:4 |    4880 |       0 |   0.0 |      11 |       0 |   0.0
      Zig:5 |    5193 |       0 |   0.0 |       6 |       0 |   0.0
      Zig:6 |    4291 |       0 |   0.0 |      12 |       0 |   0.0
      Sewer |       0 |     279 | 100.0 |       0 |      37 | 100.0
    Volcano |       0 |    4559 | 100.0 |       0 |      16 | 100.0
            +---------+---------+-------+---------+---------+-------

Illustrated notes

Table legend:
 A = Kills in this place as a percentage of kills in entire the game.
 B = Kills by you in this place as a percentage of kills by you in the entire game.
 C = Kills by friends in this place as a percentage of kills by friends in the entire game.
 D = Other kills in this place as a percentage of other kills in the entire game.
 E = Experience gained in this place as a percentage of experience gained in the entire game.
 F = Experience gained in this place divided by the number of levels of this place that you have seen.
                   A       B       C       D       E      F
               +-------+-------+-------+-------+-------+----------------------
         Total | 100.0 | 100.0 | 100.0 | 100.0 | 100.0 | 20926.7
       Dungeon |  19.3 |  22.8 |  10.2 |  44.4 |   7.7 | 6462.9
          Lair |   9.0 |  11.1 |   4.0 |   0.0 |   4.3 | 10732.6
         Swamp |   6.0 |   4.2 |  10.3 |  11.1 |   5.8 | 18147.0
     Snake Pit |  10.0 |   8.7 |  13.4 |   0.0 |   8.8 | 27497.8
  Orcish Mines |   3.7 |   4.1 |   2.9 |   0.0 |   1.1 | 7026.5
   Elven Halls |   7.3 |   8.4 |   4.3 |  11.1 |   8.3 | 34813.3
        Vaults |  16.6 |  15.3 |  20.1 |   0.0 |  22.5 | 56594.4
         Crypt |   6.7 |   6.4 |   7.6 |   0.0 |   6.8 | 28618.7
        Depths |  10.5 |  10.4 |  10.8 |   0.0 |  15.2 | 47779.2
           Zot |   6.5 |   4.4 |  11.2 |  22.2 |  17.4 | 43673.0
      Ziggurat |   1.8 |   1.3 |   2.9 |   0.0 |   1.7 | 2967.7
         Sewer |   1.8 |   1.6 |   2.2 |  11.1 |   0.0 | 279.0
       Volcano |   0.8 |   1.1 |   0.0 |   0.0 |   0.4 | 4559.0
               +-------+-------+-------+-------+-------+----------------------

Table legend: (Time is in decaauts)
 A = Elapsed time spent in this place.
 B = Non-inter-level travel time spent in this place.
 C = Inter-level travel time spent in this place.
 D = Time resting spent in this place.
 E = Time spent auto-exploring this place.
 F = Levels seen in this place.
 G = Mean time per level.
                   A        B        C        D        E       F      G
               +--------+--------+--------+--------+--------+-----+--------+
         Total |  76293 |  70946 |   5347 |  22356 |  34688 |  60 | 1271.6 |
       Dungeon |  20095 |  18031 |   2064 |   4121 |  10519 |  15 | 1339.7 |
        Temple |     81 |     69 |     12 |      0 |     38 |   1 |   81.0 |
          Lair |   8173 |   7749 |    424 |   2290 |   4270 |   5 | 1634.6 |
         Swamp |   3189 |   3048 |    141 |    979 |   1319 |   4 |  797.2 |
     Snake Pit |   6678 |   6469 |    209 |   2023 |   3402 |   4 | 1669.5 |
  Orcish Mines |   1680 |   1570 |    110 |     75 |   1189 |   2 |  840.0 |
   Elven Halls |   3441 |   3356 |     85 |    687 |   1984 |   3 | 1147.0 |
        Vaults |  12654 |  11294 |   1360 |   4640 |   4493 |   5 | 2530.8 |
         Crypt |   3779 |   3611 |    168 |    974 |   1897 |   3 | 1259.7 |
        Depths |   8544 |   8014 |    530 |   2834 |   3876 |   4 | 2136.0 |
           Zot |   5577 |   5337 |    240 |   2781 |   1115 |   5 | 1115.4 |
      Ziggurat |    709 |    709 |      0 |    392 |     20 |   7 |  101.3 |
         Sewer |   1062 |   1062 |      0 |    297 |    427 |   1 | 1062.0 |
       Volcano |    624 |    624 |      0 |    261 |    138 |   1 |  624.0 |
               +--------+--------+--------+--------+--------+-----+--------+

Top non-repeatable levels by time:
Vaults:5: 3655 daAuts
Vaults:1: 2939 daAuts
  Lair:5: 2868 daAuts
Vaults:3: 2715 daAuts
   Zot:5: 2696 daAuts
Depths:4: 2502 daAuts
 Snake:4: 2359 daAuts
Depths:3: 2280 daAuts
Depths:2: 2141 daAuts
 Snake:3: 2018 daAuts
Vaults:2: 1997 daAuts
    D:15: 1838 daAuts
    D:13: 1679 daAuts
Depths:1: 1620 daAuts
     D:4: 1537 daAuts
